 Dungeon Crawl Stone Soup version 0.30-a0-1075-gcd70e7a56d (webtiles) character file.

Game seed: 11974430317029583355

12001695 Glaciallarry the Infernalist (level 27, 325/325 HPs)
             Began as a Naga Fire Elementalist on Apr 11, 2023.
             Was the Champion of Vehumet.
             Escaped with the Orb
             ... and 15 runes on Apr 14, 2023!
             The game lasted 12:42:11 (135785 turns).

Glaciallarry the Infernalist (NaFE)               Turns: 135785, Time: 12:42:12

Health: 325/325    AC: 53    Str: 19    XL:     27
Magic:  22/53      EV: 14    Int: 33    God:    Vehumet [******]
Gold:   15892      SH: 11    Dex: 12    Spells: 7/79 levels left

rFire   + + +      SeeInvis +    X - +18 lance "Wyrmbane" {slay drac, rPois rF+ rC+ AC+3}
rCold   + + +      Faith    .    K - +2 shield of Resistance {rF++ rC++ Will++}
rNeg    + + +      Spirit   .    u - +4 troll leather armour
rPois   ∞          Reflect  .    x - +1 helmet "Wias" {rPois Str+3 Int+3}
rElec   +          Rampage  +    J - +4 dragonskin cloak
rCorr   .                        b - +0 pair of gloves of the Blind Marksman {Str-2 Dex+6}
Will    +++++                    v - +10 Black Knight's barding {ponderous, rPois rN+}
Stlth   +++                      d - amulet "Lauz" {RegenMP Rampage rC+}
HPRegen 1.54/turn                i - ring "Adys" {rPois rN+ Str+6 Dex-2}
MPRegen 0.73/turn                o - ring of Teffof {Fire rElec rN+ Int+3 Dex-5}

@: lich-form (expiring), studying 5 skills, very slow
A: draining attack, torment immunity, no potions, AC +9, large, see invisible,
deformed body, poison resistance, slowness 2, spit poison 1, naga tail 2, robust
1, cold vulnerability 1, MP-powered wands
0: Orb of Zot
}: 15/15 runes: decaying, slimy, silver, golden, iron, obsidian, icy, bone,
abyssal, demonic, glowing, magical, fiery, dark, gossamer
a: Spit Poison, End Transformation, Renounce Religion


You escaped.
You worshipped Vehumet.
Vehumet was exalted by your worship.
You were an undead lich.
You visited 18 branches of the dungeon, and saw 88 of its levels.
You visited Pandemonium 4 times, and saw 22 of its levels.
You visited the Abyss 2 times.
You visited 2 ziggurats, and saw 27 of their levels (deepest: 15).
You also visited: Trove, Ossuary, Gauntlet, Wizlab and Desolation.

You collected 19556 gold pieces.
You spent 3664 gold pieces at shops.

Inventory:

Hand Weapons
 a - the +11 halberd of Yrphyen {drain, rF+ rC++ rCorr Dex+2 Stlth+}
   (You found it on level 7 of Cocytus)

   Dex:       It affects your dexterity (+2).
   rF:        It protects you from fire.
   rC:        It greatly protects you from cold.
   rCorr:     It protects you from acid and corrosion.
   Stlth:     It makes you more stealthy.
 X - the +18 lance "Wyrmbane" (weapon) {slay drac, rPois rF+ rC+ AC+3}
   (You took it off a minotaur in a Gauntlet)

   AC:        It affects your AC (+3).
   rF:        It protects you from fire.
   rC:        It protects you from cold.
   rPois:     It protects you from poison.
Missiles
 E - 4 throwing nets
Armour
 b - the +0 pair of gloves of the Blind Marksman (worn) {Str-2 Dex+6}
   (You found it on level 1 of the Spider Nest)

   Str:       It affects your strength (-2).
   Dex:       It affects your dexterity (+6).
 g - the crystal ball of Wucad Mu {*channel}
   (You found it on level 5 of a ziggurat)

   *Channel:  It often returns the magic spent to cast spells, but lowers their
   success rate.
   It always returns the magic spent on miscasts.
 u - a +4 troll leather armour (worn)
 v - the +10 Black Knight's barding (worn) {ponderous, rPois rN+}
   (You found it on level 7 of Gehenna)

   rPois:     It protects you from poison.
   rN:        It protects you from negative energy.
 x - the +1 helmet "Wias" (worn) {rPois Str+3 Int+3}
   (You found it on level 4 of the Realm of Zot)

   Str:       It affects your strength (+3).
   Int:       It affects your intelligence (+3).
   rPois:     It protects you from poison.
 J - the +4 dragonskin cloak (worn)
   (You took it off Tiamat on level 3 of the Realm of Zot)

   Avatar's Aegis: It grants the wearer a chance to resist fire, cold, poison,
   electricity, acid, and negative energy.
 K - the +2 shield of Resistance (worn) {rF++ rC++ Will++}
   (You found it on level 12 of a ziggurat)

   rF:        It greatly protects you from fire.
   rC:        It greatly protects you from cold.
   Will:      It greatly increases your willpower.
Magical Staves
 Z - the staff of fire "Ubippekh" {rF+ rC+ Will++ MP+9 Dex-2}
   (You found it on level 8 of a ziggurat)

   [staff of fire]

   Base accuracy: +5 Base damage: 5 Base attack delay: 1.2 This weapon's minimum
   attack delay (0.6) is reached at skill level 12.
   Dex:       It affects your dexterity (-2).
   rF:        It protects you from fire.
   rC:        It protects you from cold.
   MP:        It affects your magic capacity (+9).
   Will:      It greatly increases your willpower.
   It falls into the 'Staves' category.
   It is a one-handed weapon.
Jewellery
 d - the amulet "Lauz" (around neck) {RegenMP Rampage rC+}
   (You took it off a deep elf demonologist on level 3 of the Elven Halls)

   [amulet of magic regeneration]

   It increases your rate of magic regeneration.
   rC:        It protects you from cold.
   Rampage:   It bestows one free step when moving towards enemies.
 i - the ring "Adys" (left hand) {rPois rN+ Str+6 Dex-2}
   (You acquired it on level 4 of the Realm of Zot)

   [ring of strength]

   Str:       It affects your strength (+6).
   Dex:       It affects your dexterity (-2).
   rPois:     It protects you from poison.
   rN:        It protects you from negative energy.
 o - the ring of Teffof (right hand) {Fire rElec rN+ Int+3 Dex-5}
   (You found it on level 2 of the Swamp)

   [ring of fire]

   It enhances your fire magic.
   Int:       It affects your intelligence (+3).
   Dex:       It affects your dexterity (-5).
   rF:        It protects you from fire.
   rC:        It makes you vulnerable to cold.
   rElec:     It insulates you from electricity.
   rN:        It protects you from negative energy.
Wands
 y - a wand of charming (153)
 T - a wand of digging (62)
 U - a wand of iceblast (104)
 V - a wand of quicksilver (42)
Scrolls
 e - 25 scrolls of teleportation
 h - 14 scrolls of vulnerability
 j - 29 scrolls of fog
 l - 9 scrolls of torment
 p - 18 scrolls of immolation
 r - 2 scrolls of silence
 A - 16 scrolls of poison
 C - 14 scrolls of fear
 F - 7 scrolls of amnesia
 M - 3 scrolls of summoning
 S - 7 scrolls of enchant weapon
Potions
 c - 8 potions of flight
 f - 14 potions of heal wounds
 m - 14 potions of attraction
 n - 26 potions of curing
 q - 3 potions of haste
 s - 2 potions of cancellation
 t - 4 potions of resistance
 z - 4 potions of might
 D - 17 potions of ambrosia
 H - 8 potions of magic
 P - 9 potions of mutation
 Q - 14 potions of lignification
 W - a potion of brilliance
Miscellaneous
 k - a phial of floods
 w - a lightning rod (4/4)
 L - a condenser vane
 O - a phantom mirror (inert)
 R - a tin of tremorstones (2/2)


   Skills:
 - Level 26.9 Fighting
 - Level 15.5(16.0) Polearms
 - Level 6.0(11.7) Staves
 - Level 15.0 Armour
 - Level 20.0 Dodging
 - Level 22.0 Stealth
 - Level 5.0 Shields
 - Level 26.9 Spellcasting
 + Level 24.6 Conjurations
 - Level 14.0 Summonings
 - Level 16.0 Necromancy
 - Level 8.0 Translocations
 - Level 19.2 Transmutations
 O Level 27 Fire Magic
 - Level 12.4 Air Magic
 - Level 22.0 Earth Magic
 - Level 4.8 Poison Magic
 - Level 15.0 Evocations


You had 7 spell levels left.
You knew the following spells:

 Your Spells              Type           Power      Damage    Failure   Level
a - Apportation           Tloc           100%       N/A       1%          1
b - Borgnjor's Vile Clut  Necr/Erth      65%        N/A       0%          5
c - Ignition              Fire           73%        3d19      1%          8
d - Lehudib's Crystal Sp  Conj/Erth      57%        10d13     1%          8
e - Iron Shot             Conj/Erth      57%        9d11      0%          6
f - Necromutation         Tmut/Necr      63%        N/A       6%          8
h - Lee's Rapid Deconstr  Erth           56%        3d26*     0%          5
i - Spellforged Servitor  Conj/Summ      53%        N/A       1%          7
j - Shatter               Erth           56%        3d42*     4%          9
k - Blink                 Tloc           100%       N/A       1%          2
l - Passage of Golubria   Tloc           77%        N/A       1%          4
m - Fire Storm            Conj/Fire      72%        8d18      1%          9

Your spell library contained the following spells:

 Spells                   Type           Power      Damage    Failure   Level
 Polar Vortex             Ice            22%        N/A       100%        9
 Beastly Appendage        Tmut           100%       N/A       0%          1
 Foxfire                  Conj/Fire      100%       2x1d9     0%          1
 Kiss of Death            Conj/Necr      100%       2d13      0%          1
 Magic Dart               Conj           100%       1d8       0%          1
 Necrotise                Necr           100%       1d9       0%          1
 Shock                    Conj/Air       100%       1d9       0%          1
 Sting                    Tmut/Pois      100%       1d8       0%          1
 Summon Small Mammal      Summ           100%       N/A       0%          1
 Call Imp                 Summ           100%       N/A       0%          2
 Momentum Strike          Conj/Tloc      100%       3d10      0%          2
 Passwall                 Tmut/Erth      91%        N/A       0%          2
 Scorch                   Fire           100%       2d9       0%          2
 Searing Ray              Conj           100%       2d8       0%          2
 Static Discharge         Conj/Air       100%       2-7/arc   0%          2
 Sublimation of Blood     Necr           100%       N/A       0%          2
 Wereblood                Tmut           100%       N/A       0%          2
 Call Canine Familiar     Summ           95%        N/A       0%          3
 Ignite Poison            Fire/Tmut/Pois 100%       N/A       0%          3
 Inner Flame              Hex/Fire       100%       N/A       0%          3
 Mephitic Cloud           Conj/Pois/Air  94%        N/A       0%          3
 Stone Arrow              Conj/Erth      100%       3d13      0%          3
 Vampiric Draining        Necr           100%       2d13      0%          3
 Volatile Blastmotes      Fire/Tloc      100%       2d18      0%          3
 Animate Armour           Summ/Erth      100%       N/A       0%          4
 Flame Wave               Conj/Fire      100%       2d21      0%          4
 Iskenderun's Mystic Bla  Conj/Tloc      100%       2d19      0%          4
 Petrify                  Tmut/Erth      100%       N/A       0%          4
 Sticky Flame             Conj/Fire      100%       2d11      0%          4
 Arcjolt                  Conj/Air       52%        1d62      0%          5
 Blade Hands              Tmut           53%        N/A       0%          5
 Fireball                 Conj/Fire      72%        3d27      0%          5
 Irradiate                Conj/Tmut      56%        3d30      0%          5
 Iskenderun's Battlesphe  Conj           100%       2d15      0%          5
 Starburst                Conj/Fire      72%        6d19      0%          6
 Freeze                   Ice            100%       1d10      1%          1
 Cigotuvi's Dreadful Rot  Necr/Pois/Air  100%       N/A       1%          2
 Ensorcelled Hibernation  Hex/Ice        88%        N/A       1%          2
 Lesser Beckoning         Tloc           100%       N/A       1%          2
 Poisonous Vapours        Pois/Air       100%       N/A       1%          2
 Dazzling Flash           Conj/Hex       100%       N/A       1%          3
 Frozen Ramparts          Ice            88%        1d14      1%          3
 Gell's Gravitas          Tloc           77%        N/A       1%          3
 Hailstorm                Conj/Ice       90%        3d18      1%          3
 Portal Projectile        Hex/Tloc       100%       N/A       1%          3
 Spider Form              Tmut/Pois      90%        N/A       1%          3
 Summon Guardian Golem    Hex/Summ       74%        N/A       1%          3
 Swiftness                Air            90%        N/A       1%          3
 Teleport Other           Tloc           77%        N/A       1%          3
 Vhi's Electric Charge    Tloc/Air       100%       N/A       1%          3
 Airstrike                Air            45%        2d(7-23)  1%          4
 Anguish                  Hex/Necr       49%        N/A       1%          4
 Animate Dead             Necr           100%       N/A       1%          4
 Dispel Undead            Necr           100%       3d31      1%          4
 Fulminant Prism          Conj/Hex       45%        3d21      1%          4
 Ice Form                 Ice/Tmut       83%        N/A       1%          4
 Leda's Liquefaction      Hex/Erth       43%        N/A       1%          4
 Olgreb's Toxic Radiance  Pois           66%        N/A       1%          4
 Summon Ice Beast         Ice/Summ       74%        N/A       1%          4
 Summon Lightning Spire   Summ/Air       92%        N/A       1%          4
 Agony                    Necr           100%       N/A       1%          5
 Alistair's Intoxication  Tmut/Pois      60%        N/A       1%          5
 Freezing Cloud           Conj/Ice/Air   45%        6-21      1%          5
 Summon Forest            Summ/Tloc      43%        N/A       1%          5
 Summon Mana Viper        Hex/Summ       74%        N/A       1%          5
 Yara's Violent Unravell  Hex/Tmut       41%        3d16      1%          5
 Conjure Ball Lightning   Conj/Air       52%        3x3d18    1%          6
 Death Channel            Necr           61%        N/A       1%          6
 Eringya's Noxious Bog    Tmut/Pois      45%        N/A       1%          6
 Plasma Beam              Fire/Air       65%        2x1d89    1%          6
 Statue Form              Tmut/Erth      73%        N/A       1%          6
 Summon Cactus Giant      Summ           47%        N/A       1%          6
 Dragon Form              Tmut           53%        N/A       1%          7
 Orb of Destruction       Conj           59%        9d14      1%          7
 Storm Form               Tmut/Air       49%        N/A       1%          7
 Silence                  Hex/Air        35%        N/A       2%          5
 Haunt                    Necr/Summ      60%        N/A       2%          7
 Confusing Touch          Hex            44%        N/A       3%          3
 Ozocubu's Armour         Ice            44%        N/A       3%          3
 Tukima's Dance           Hex            44%        N/A       3%          3
 Monstrous Menagerie      Summ           47%        N/A       3%          7
 Summon Hydra             Summ           47%        N/A       3%          7
 Dispersal                Tloc           38%        N/A       8%          6
 Simulacrum               Ice/Necr       49%        N/A       8%          6
 Malign Gateway           Summ/Tloc      43%        N/A       12%         7
 Cause Fear               Hex            22%        N/A       13%         4
 Metabolic Englaciation   Hex/Ice        22%        N/A       34%         5
 Ozocubu's Refrigeration  Ice            22%        4d12      92%         7
 Enfeeble                 Hex            22%        N/A       100%        7
 Borgnjor's Revivificati  Necr           61%        N/A       12%         8
 Infestation              Necr           61%        N/A       12%         8
 Maxwell's Capacitive Co  Air            45%        ∞         13%         8
 Chain Lightning          Conj/Air       52%        3d70      17%         9
 Summon Horrible Things   Summ           47%        N/A       26%         8
 Disjunction              Tloc           38%        N/A       97%         8
 Dragon's Call            Summ           47%        N/A       99%         9
 Discord                  Hex            22%        N/A       100%        8


Dungeon Overview and Level Annotations

Branches:
Dungeon (15/15)            Temple (1/1) D:6            Lair (5/5) D:11
  Swamp (4/4) Lair:3       Spider (4/4) Lair:2        Slime (5/5) Lair:4
    Orc (2/2) D:11            Elf (3/3) Orc:2        Vaults (5/5) D:13
  Crypt (3/3) Vaults:2       Tomb (3/3) Crypt:3      Depths (4/4) D:15
   Hell (visited)             Dis (7/7) Hell            Geh (7/7) Hell
    Coc (7/7) Hell            Tar (7/7) Hell            Zot (5/5) Depths:4
Ossuary (visited)          WizLab (visited)         Desolation (visited)
Gauntlet (visited)

Altars:
Ashenzari
Cheibriados
Dithmenos
Elyvilon
Fedhas
Gozag
Hepliaklqana
Kikubaaqudgha
Makhleb
Nemelex Xobeh
Okawaru
Qazlal
Ru
Sif Muna
Trog
Uskayaw
Vehumet
Wu Jian
Xom
Yredelemnul
Zin
The Shining One

Shops:
D:4 (*   D:12 [   Orc:2 (*[   Elf:3 **   Vaults:3 [   Vaults:4 =   Vaults:5 [[
Depths:4 (!

Portals:
Hell: Depths:1 Depths:2 Depths:3 Depths:4
Pandemonium: Depths:1 Depths:2 Depths:3

Annotations:
D:5 3 runed translucent doors, emiel's ghost, novice TeFE
D:7 2 transporters
D:8 2 transporters
Lair:1 3 runed translucent doors, Amaemon
Lair:4 exclusion: Rupert


Innate Abilities, Weirdness & Mutations

You are an undead lich.
Your unarmed attacks are suffused with negative energy.
You are immune to unholy pain and torment.
Your necromantic spells are more powerful.
You cannot drink.
Your serpentine skin is tough. (AC +9)
You have supernaturally acute eyesight. (SInv)
Armour fits poorly on your strangely shaped body.
Your system is resistant to poisons. (rPois)
You cover ground very slowly.
You can spit poison.
You can use your snake-like lower body to constrict enemies.
You are robust. (+10% HP)
You are vulnerable to cold. (rC-)
You expend magic power (3 MP) to strengthen your wands.


Message History

Casting: Fire Storm (mildly dangerous; 1% risk of failure)
Confirm with . or Enter, or press ? or * to list all spells.
Aiming: Fire Storm (mildly dangerous; 1% risk of failure)
Press: ? - help, Dir - move target, f - Tefivo
Aim: Tefivo (moderately wounded, ally target)
You feel a surge of power!
Really fire at your spellforged servitor? [Y]es or [N]o only, please.
Really fire at your spellforged servitor?
A raging storm of fire appears!
The great blast of fire engulfs Tefivo!!!!
Tefivo is severely wounded.
The great blast of fire engulfs your spellforged servitor!!!
Your spellforged servitor partially resists.
Your spellforged servitor is severely damaged.
Tefivo is engulfed in blazing flames.
Tefivo gestures at you.
The bolt of energy hits your spellforged servitor!!!
Your spellforged servitor is blown up!
Your spellforged servitor disappears in a puff of smoke!
The bolt of energy misses you.
Tefivo is engulfed in blazing flames.
Tefivo gestures at you.
The bolt of dispelling energy misses you.
Casting: Fire Storm (mildly dangerous; 1% risk of failure)
Confirm with . or Enter, or press ? or * to list all spells.
Aiming: Fire Storm (mildly dangerous; 1% risk of failure)
Press: ? - help, Dir - move target, f/p - Tefivo
Aim: Tefivo (flame, almost dead)
You feel a surge of power!
A raging storm of fire appears!
The great blast of fire engulfs Tefivo!!!!
You kill Tefivo!
Vehumet accepts your kill.
You feel your power returning.
There is an open door here.
Your transformation is almost over.
Vehumet accepts your kill.
You feel a bit more experienced.
There is a staircase leading out of the dungeon here.
You cannot drink potions in your current state!
You have escaped!

#.#..####++####..# ###..#
##.#..###....###..# #....#
#..#..##......##..###.#..###
#.##..##.8..8.##......#.....
#.##..#........#..#####.####
#.##..#.8....8.#..####......
#.##..#...##...#........###.
#.##..#..####..#..###.#.##..
#.##..'..+>L'..'.....###....
#.##..#..####v.#...##.#.##..
#.##..#...##...#...###.####.
#.....#.8....8.#...# #......
####..#........#...# #####..
#..##.8vv8.##..## #..
#..##..v.v.##..# #..
#..###vv..###..# ###..
#..####''####..# #....


You could see a friendly fire vortex.

Vanquished Creatures
  Asmodeus (Geh:7)
  the Royal Jelly (Slime:5)
  Ignacio (Pan)
  Ereshkigal (Tar:7)
  Gloorx Vloq (Pan)
  Lom Lobon (Pan)
  Mnoleg (Pan)
  the Serpent of Hell (Geh:7)
  The ghost of Juesuu the Iron Dragon, a legendary DrCj of Vehumet (Zot:4)
  Dispater (Dis:7)
  A seraph (Pan)
  10 orbs of fire
  Tiamat (Zot:3)
  7 ancient liches
  7 dread liches
  Mara (Swamp:3)
  A juggernaut (Depths:3)
  Mennas (Pan)
  Sojobo (Crypt:1)
  23 royal mummies
  A shard shrike (Coc:5)
  5 Killer Klowns (Zot:5)
  Bai Suzhen (Vaults:2)
  Saint Roka (Vaults:1)
  Xtahua (Depths:3)
  59 caustic shrikes
  Geryon (Hell)
  2 curse toes
  Jory (Crypt:3)
  6 golden dragons
  19 profane servitors
  8 bone dragons
  2 pearl dragons (Pan)
  Arachne (Spider:2)
  10 pandemonium lords
  11 Tzitzimimeh
  14 Brimstone Fiends
  An electric golem (Zot:5)
  13 doom hounds
  9 hellephants
  Rupert (Lair:4)
  18 tainted leviathans
  8 iron giants
  17 Ice Fiends
  20 Hell Sentinels
  A walking earthen tome (Depths:4)
  17 titans
  12 tentacled monstrosities
  8 deep elf master archers
  27 Orb Guardians
  20 searing wretches
  3 quicksilver dragons
  Grunn (Crypt:1)
  7 liches
  The ghost of vineage the Bludgeoner, an adept GrFi of Okawaru (Elf:3)
  Murray (Hell)
  4 deep elf blademasters (Elf:3)
  30 acid blobs
  5 death cobs
  11 sphinxes
  16 Executioners
  A tentacled starspawn (Zig:9)
  10 shadow dragons
  22 ancient champions
  4 thorn hunters
  7 storm dragons
  15 daevas (Pan)
  9 tengu reavers
  5 draconian monks
  4 fenstrider witches
  18 rockslimes
  29 fire giants
  7 deep elf sorcerers
  9 revenants
  9 demonspawn warmongers (Pan)
  2 nagarajas (Zig:11)
  32 narguns
  3 draconian knights
  21 vault wardens
  4 imperial myrmidons (Desolation)
  10 quicksilver elementals
  An emperor scorpion (Spider:4)
  20 azure jellies
  12 iron dragons
  6 ghost moths
  7 curse skulls
  12 frost giants
  4 shard shrike simulacra (Coc:7)
  4 draconian scorchers
  37 balrugs
  A caustic shrike zombie (Crypt:2)
  Aizul (Depths:1)
  8 draconian stormcallers
  2 deep elf elementalists
  11 quicksilver oozes
  30 cacodemons
  14 ironbound preservers
  5 draconian shifters (Zig:14)
  30 very ugly things
  5 orc warlords
  26 stone giants
  6 ghouls
  5 ironbound thunderhulks
  A caustic shrike skeleton (Crypt:2)
  13 reapers
  5 draconian annihilators
  13 ophanim (Pan)
  23 war gargoyles
  6 demonspawn blood saints (Pan)
  2 spriggan defenders
  28 angels
  A broodmother (Spider:1)
  2 juggernaut skeletons
  9 demonspawn corrupters (Pan)
  13 vampire knights
  5 eleionomae
  26 apis (Pan)
  11 green draconians
  9 bennus
  22 elemental wellsprings
  Azrael (D:12)
  8 red draconians
  12 yellow draconians
  8 purple draconians
  A bunyip (Swamp:1)
  9 deep elf demonologists
  A minotaur (Gauntlet)
  24 wendigos
  8 deep elf annihilators
  12 dire elephants
  14 white draconians
  23 putrid mouths
  8 demonspawn black suns (Pan)
  A spectral titan (Tar:5)
  22 lorocyprocas
  11 black draconians
  6 spark wasps
  8 eidola
  2 merfolk javelineers (Zig:5)
  A halazid warlock (Desolation)
  14 iron golems
  20 mummy priests
  33 ettins
  12 deep elf death magi
  6 green deaths
  11 crystal guardians
  14 blizzard demons
  6 jiangshi
  The ghost of MrClown the Lord of Darkness, a journeyman DsNe of Kikubaaqudgha (D:13)
  3 spectral spriggans
  11 great orbs of eyes
  14 fire dragons
  A spectral kraken (Tar:7)
  17 yaktaur captains
  3 ragged hierophants (Desolation)
  7 shambling mangroves
  A spriggan zombie (Crypt:3)
  5 rakshasas
  29 vault guards
  8 deep elf high priests
  10 servants of whispers (Desolation)
  15 entropy weavers
  23 hydras
  2 spriggan skeletons
  9 salamander tyrants
  A jorogumo (Spider:4)
  10 caustic shrike simulacra
  8 ice dragons
  3 ogre magi
  A merfolk avatar (Lair:5)
  2 radroaches (Spider:4)
  3 hell beasts
  9 spriggan air magi
  3 catoblepae
  A death knight (Crypt:2)
  8 ironbound frosthearts
  An anaconda (shapeshifter) (Vaults:5)
  8 peacekeepers
  10 juggernaut simulacra
  2 anacondas
  3 ghost crabs
  10 boulder beetles
  39 dancing weapons
  10 two-headed ogres
  9 stokers
  11 centaur warriors
  Erica (Lair:2)
  6 satyrs
  5 deep troll shamans
  17 hell hogs
  88 death scarabs
  9 deep troll earth magi
  14 vampire magi
  7 alligators
  19 death yaks
  4 naga sharpshooters
  8 thrashing horrors (Abyss:4)
  7 tengu warriors
  A spectral dire elephant (Tar:6)
  6 wretched stars
  A spriggan berserker (Depths:2)
  9 orc high priests
  69 sun demons
  An emperor scorpion zombie (Crypt:2)
  7 hell knights
  2 spectral nagas
  14 crystal echidnas
  14 deep elf knights
  3 skysharks
  32 soul eaters
  30 sixfirhies
  6 sun moths
  4 iron trolls
  4 fire crabs
  A skyshark (shapeshifter) (Depths:4)
  A skeletal warrior (Tomb:1)
  A spectral death yak (Lair:3)
  11 pharaoh ants
  A spatial maelstrom (Zig:9)
  4 quicksilver dragon simulacra
  A sea snake (shapeshifter) (Vaults:2)
  53 deep trolls
  A sea snake (Lair:5)
  3 anaconda zombies
  5 flayed ghosts
  8 shadow wraiths
  7 goliath frogs
  2 spriggan druids
  A spectral anaconda (Tar:1)
  5 spriggan simulacra
  11 swamp dragons
  2 orb spiders
  7 shadow demons
  6 golden dragon zombies (Crypt:3)
  21 deep elf archers
  5 glowing orange brains
  3 obsidian statues
  A naga ritualist (Zig:11)
  9 cherubim (Pan)
  2 orange crystal statues (Zig:3)
  A fenstrider witch simulacrum (Crypt:2)
  23 ironbound convokers
  12 phantasmal warriors
  36 ugly things
  5 orc knights
  6 harpies
  9 bog bodies
  10 steelbarb worms
  10 lindwurms
  Pikel (D:9)
  7 wizards
  3 oklob plants
  35 deep elf pyromancers
  30 deep elf zephyrmancers
  8 orc sorcerers
  2 salamanders (Zig:11)
  2 necromancers
  9 cyclopes
  9 wolf spiders
  9 manticores
  12 shining eyes
  3 fauns (WizLab)
  8 elephants
  A moth of wrath (shapeshifter) (Depths:1)
  A frost giant zombie (Crypt:3)
  A goliath frog skeleton (Crypt:3)
  28 moths of wrath
  5 will-o-the-wisps
  4 draconians (Abyss:4)
  7 guardian serpents
  A spectral centaur (Tar:1)
  A worldbinder (Zig:9)
  2 dire elephant zombies
  2 stone giant zombies
  12 ice statues
  26 vault sentinels
  9 rust devils
  9 molten gargoyles
  2 naga magi (Zig:11)
  10 titan simulacra
  5 black mambas
  A toenail golem (D:3)
  3 gargoyles
  27 demonic crawlers
  A centaur skeleton (Tomb:1)
  7 eyes of devastation
  3 naga skeletons
  13 spectral swamp worms (Tar:7)
  2 dire elephant skeletons
  9 torpor snails
  10 cane toads
  22 hellions
  21 orange demons
  33 smoke demons
  10 komodo dragons
  An alligator snapping turtle skeleton (Pan)
  5 kobold demonologists
  A rime drake (shapeshifter) (Vaults:5)
  2 bunyip simulacra (Coc:1)
  5 ice devils
  43 yaktaurs
  19 efreet
  3 rime drakes
  6 anaconda simulacra
  38 guardian mummies
  2 golden dragon simulacra
  A black draconian skeleton (Crypt:1)
  10 red devils
  24 tormentors
  13 freezing wraiths
  5 ancient zymes
  A catoblepas skeleton (Crypt:3)
  15 meliai
  4 spectral harpies
  2 iron giant simulacra (Coc:6)
  A meliai (shapeshifter) (Elf:2)
  11 trolls
  2 bloated husks
  A sea snake skeleton (Crypt:1)
  A silent spectre (Tar:4)
  A mana viper skeleton (Crypt:2)
  A queen bee (D:10)
  A wind drake (shapeshifter) (Elf:2)
  4 polar bears (Lair:5)
  24 hornets
  14 hellwings
  A shadow dragon simulacrum (Hell)
  A raiju (Zig:9)
  4 tyrant leeches
  58 saltlings (Desolation)
  20 tarantellas
  7 dream sheep (Lair:5)
  3 iron dragon simulacra
  14 blink frogs
  A great orb of eyes zombie (Crypt:1)
  A stone giant simulacrum (Hell)
  23 jumping spiders
  A spectral black mamba (Lair:3)
  136 slime creatures
  A fire dragon skeleton (Crypt:3)
  42 large abominations
  11 culicivoras
  20 flying skulls
  10 water elementals
  10 spriggans
  6 air elementals
  4 dire elephant simulacra
  6 wyverns
  3 centaur simulacra
  6 ushabtiu (Tomb:1)
  A slime creature zombie (Crypt:1)
  5 wraiths
  34 ynoxinuls
  11 fire elementals
  24 vampires (Crypt:3)
  5 basilisks
  An ettin skeleton (Tomb:1)
  47 yaks
  A naga simulacrum (Coc:7)
  20 golden eyes
  3 shadows
  12 humans
  A black mamba skeleton (Crypt:3)
  41 chaos spawn
  3 steam dragons
  24 neqoxecs
  20 vampire mosquitoes
  49 redbacks
  7 harpy simulacra
  A naga zombie (Tomb:3)
  2 acid dragons
  10 swamp worms
  17 water moccasins
  14 hell hounds
  4 wargs
  4 hydra simulacra
  3 nagas
  A floating eye (Pan)
  A spectral polar bear (Lair:3)
  38 orc warriors
  12 swamp drakes
  A two-headed ogre skeleton (Crypt:3)
  A meliai simulacrum (Gauntlet)
  3 ice beasts
  A black bear (Lair:1)
  5 ettin simulacra
  2 small abominations (Abyss:4)
  A sky beast (D:6)
  12 wolves
  A hog zombie (Crypt:2)
  15 ogres
  9 starcursed masses
  7 centaurs
  4 phantoms
  3 elf zombies (Ossuary)
  6 kobold brigands
  11 bullfrogs
  5 earth elementals
  2 necrophages
  A cane toad simulacrum (Gauntlet)
  A scorpion (D:5)
  2 water moccasin zombies (D:5)
  9 wights
  33 killer bees
  A swamp dragon simulacrum (Coc:1)
  An electric eel (Lair:5)
  8 howler monkeys
  A wolf zombie (Crypt:2)
  7 crimson imps (Pan)
  2 bullfrog zombies (D:5)
  4 centaur zombies
  4 hounds
  A jelly (Lair:4)
  23 orc priests
  3 gnoll boudas
  2 human zombies (Ossuary)
  2 iron imps (Gauntlet)
  2 iguanas (D:6)
  20 orc wizards
  15 hell rats
  A scorpion zombie (D:5)
  4 hound zombies
  54 mummies
  A howler monkey zombie (D:5)
  Robin (D:2)
  A howler monkey skeleton (D:5)
  5 adders
  20 gnolls
  A river rat (D:11)
  A steam dragon skeleton (Crypt:2)
  2 shadow imps
  A white imp (Abyss:4)
  An ufetubus (Abyss:4)
  4 adder zombies
  An iguana skeleton (Crypt:2)
  2 worms
  79 orcs
  10 endoplasms
  2 giant cockroaches (D:4)
  2 gnoll zombies (Ossuary)
  10 goblins
  10 hobgoblins
  4 jackals
  9 quokkas
  7 ball pythons
  4 bats
  4 frilled lizards
  A goblin zombie (Ossuary)
  6 hobgoblin zombies (Ossuary)
  A jackal skeleton (Crypt:3)
  5 jackal zombies (Ossuary)
  30 kobolds
  A kobold skeleton (D:9)
  2 kobold zombies (Ossuary)
  2 orc zombies (Ossuary)
  2 quokka zombies (Ossuary)
  3 rats
  3 rat zombies (Ossuary)
  A spectral orc (D:14)
  5 ball lightnings
  3 briar patches (WizLab)
  5 creeping infernos
  37 fire vortices
  A pillar of salt (Desolation)
  3 tentacles (Tar:7)
4468 creatures vanquished.

Vanquished Creatures (collateral kills)
  Cerebov (Pan)
  Antaeus (Coc:7)
  A dread lich (Tar:5)
  A juggernaut (Zig:8)
  3 pandemonium lords
  2 royal mummies (Tomb:1)
  2 shard shrikes (Coc:5)
  3 caustic shrikes
  5 profane servitors
  A golden dragon (Zot:5)
  6 bone dragons
  5 Brimstone Fiends
  6 Tzitzimimeh
  7 hellephants
  2 iron giants
  An electric golem (Zot:5)
  2 Ice Fiends (Coc:7)
  3 tentacled monstrosities
  3 Hell Sentinels
  11 tainted leviathans
  5 Orb Guardians (Zot:5)
  2 titans
  2 searing wretches (Geh:5)
  7 Executioners (Pan)
  An acid blob (Zot:4)
  An ancient champion (Dis:1)
  A sphinx (Tomb:1)
  A tentacled starspawn (Zig:9)
  2 revenants
  3 azure jellies (Coc:7)
  A fire giant (Geh:7)
  A storm dragon (Zot:4)
  A rockslime (Zig:12)
  8 daevas (Pan)
  A draconian monk (Zot:5)
  2 narguns (Coc:7)
  A frost giant (Coc:7)
  4 demonspawn warmongers (Pan)
  A quicksilver elemental (Dis:4)
  11 balrugs
  A spectral caustic shrike (Tar:1)
  7 angels (Pan)
  A shard shrike simulacrum (Coc:7)
  A spectral juggernaut (Tar:7)
  2 cacodemons (Pan)
  A stone giant (Dis:4)
  5 reapers (Pan)
  2 draconian shifters (Zot:4)
  2 very ugly things (Pan)
  4 ophanim (Pan)
  3 war gargoyles
  2 demonspawn blood saints (Pan)
  7 apis (Pan)
  A bennu (Tomb:2)
  4 putrid mouths
  A red draconian (Zot:4)
  2 white draconians
  2 purple draconians
  5 demonspawn black suns (Pan)
  2 iron golems
  2 eidola
  4 green deaths (Pan)
  3 spectral spriggans
  6 blizzard demons
  A crystal guardian (Dis:2)
  A mummy priest (Tomb:1)
  2 juggernaut simulacra (Coc:7)
  A salamander tyrant (Geh:6)
  A caustic shrike simulacrum (Hell)
  A radroach (Spider:1)
  A stoker (Geh:7)
  3 dancing weapons (Elf:2)
  5 death scarabs
  5 hell hogs
  A death yak (Lair:5)
  A thrashing horror (Zig:9)
  A hell knight (Hell)
  10 soul eaters
  An iron troll (Zig:7)
  35 sun demons
  10 sixfirhies (Pan)
  5 cherubim (Pan)
  A pharaoh ant (Zig:12)
  A shadow demon (Pan)
  An orb spider (Spider:1)
  An orange crystal statue (Zig:4)
  A phantasmal warrior (Vaults:5)
  A wizard (Pan)
  A spriggan simulacrum (Coc:7)
  An orc knight (Zig:10)
  A deep elf pyromancer (Elf:2)
  A wolf spider (Spider:1)
  2 deep elf zephyrmancers (Elf:2)
  A draconian (Abyss:4)
  2 ugly things (Pan)
  2 rust devils
  6 demonic crawlers (Pan)
  An apocalypse crab (Zig:9)
  2 spectral swamp worms (Tar:7)
  A naga zombie (Crypt:2)
  6 smoke demons
  6 orange demons (Pan)
  A hellion (Pan)
  2 tormentors
  2 freezing wraiths (Coc:7)
  An ice devil (D:1)
  An ancient zyme (Abyss:4)
  An efreet (Pan)
  A red devil (Pan)
  2 spectral harpies
  2 hellwings (Pan)
  A tarantella (Zig:12)
  A hornet (Zig:8)
  3 blink frogs (Lair:2)
  A harpy skeleton (Pan)
  An ettin zombie (Tomb:1)
  A dire elephant simulacrum (Coc:7)
  2 flying skulls (Tomb:1)
  An ushabti (Tomb:1)
  3 water elementals (Coc:7)
  6 large abominations (Pan)
  10 ynoxinuls (Pan)
  3 chaos spawn (Pan)
  2 golden eyes
  8 neqoxecs (Pan)
  2 harpy simulacra
  2 ettin simulacra (Coc:7)
  A wight (D:7)
  A crimson imp (Pan)
  An orc wizard (Zig:8)
  9 mummies
  A creeping inferno (Geh:2)
  9 fire vortices
398 creatures vanquished.

Vanquished Creatures (others)
  A hellephant (Geh:6)
  2 fire giants
  A draconian knight (Depths:4)
  An ettin (Vaults:5)
  A blizzard demon (D:3)
  3 goliath frogs (Swamp:2)
  2 deep elf zephyrmancers
  A will-o-the-wisp (Swamp:2)
  An ugly thing (Gauntlet)
  2 titan simulacra (Coc:4)
  2 bloated husks (Swamp:2)
  A water elemental (Elf:1)
  A golden eye (Pan)
  A harpy simulacrum (Coc:4)
  A wolf (Lair:2)
  A wight (D:7)
  5 ball lightnings
  3 briar patches (WizLab)
  2 creeping infernos
  14 demonic plants (Gauntlet)
  687 fire vortices
  237 foxfires
  80 fungi
  A lurking horror (Abyss:4)
  153 plants
  2 starspawn tentacles (Zig:9)
  A tentacle (Tar:7)
1207 creatures vanquished.

Grand Total: 6073 creatures vanquished

Notes
Turn   | Place    | Note
-------+----------+-------------------------------------------
     0 | D:1      | Glaciallarry the Naga Fire Elementalist began the quest for
                  | the Orb.
     0 | D:1      | Reached XP level 1. HP: 15/15 MP: 3/3
   287 | D:1      | Reached XP level 2. HP: 22/22 MP: 3/5
   530 | D:1      | Found a faded altar of an unknown god.
   533 | D:1      | Prayed at the altar of an unknown god.
   533 | D:1      | Became a worshipper of Vehumet
   533 | D:1      | Reached * piety under Vehumet
   533 | D:1      | Offered knowledge of Shock by Vehumet.
   536 | D:1      | Learned a level 1 spell: Shock
   539 | D:1      | Learned a level 2 spell: Scorch
  1046 | D:2      | Reached XP level 3. HP: 28/28 MP: 7/7
  1070 | D:2      | Noticed Robin
  1092 | D:2      | Killed Robin
  1266 | D:2      | Reached XP level 4. HP: 32/36 MP: 2/9
  2051 | D:3      | Found a stormy altar of Qazlal.
  2053 | D:3      | Noticed a water elemental
  2054 | D:3      | Noticed an earth elemental
  2054 | D:3      | Noticed an air elemental
  2054 | D:3      | Noticed a fire elemental
  2059 | D:3      | Found a glowing silver altar of Zin.
  2271 | D:3      | Reached XP level 5. HP: 20/42 MP: 7/11
  2377 | D:3      | Reached ** piety under Vehumet
  2377 | D:3      | Offered knowledge of Sandblast by Vehumet.
  3201 | D:4      | Noticed an ogre
  3364 | D:4      | Found Xeakoh's Weapon Boutique.
  3684 | D:4      | Found a glowing golden altar of the Shining One.
  3714 | D:4      | Found a bloodstained altar of Trog.
  3750 | D:4      | Found Tateose's General Store.
  3760 | D:4      | Reached XP level 6. HP: 49/49 MP: 9/12
  3920 | D:4      | Reached skill level 4 in Fire Magic
  4186 | D:4      | Reached skill level 1 in Air Magic
  4252 | D:5      | Entered Level 5 of the Dungeon
  4281 | D:5      | Reached skill level 5 in Stealth
  4290 | D:5      | Found a runed translucent gate.
  4299 | D:5      | Found a runed translucent gate.
  4299 | D:5      | Found a runed translucent gate.
  4315 | D:5      | Found a sand-covered staircase.
  4322 | D:5      | Reached XP level 7. HP: 38/55 MP: 3/13
  4395 | Ossuary  | Entered an ossuary
  4414 | Ossuary  | Offered knowledge of Hailstorm by Vehumet.
  4582 | Ossuary  | Reached skill level 5 in Spellcasting
  4728 | Ossuary  | Reached *** piety under Vehumet
  5180 | Ossuary  | Reached XP level 8. HP: 62/62 MP: 7/17
  5324 | Ossuary  | Offered knowledge of Ignite Poison by Vehumet.
  5329 | Ossuary  | Learned a level 3 spell: Ignite Poison
  5615 | D:5      | Identified the +4 ring mail of Ru's Hatred {rPois Int+4
                  | Dex+5}
  5619 | D:5      | Noticed emiel's ghost (novice TeFE)
  5646 | D:5      | Reached skill level 1 in Poison Magic
  5747 | D:5      | Found a sparkling altar of Nemelex Xobeh.
  6111 | D:5      | Found an opulent altar of Gozag.
  6181 | D:5      | Reached **** piety under Vehumet
  6488 | D:5      | Reached skill level 1 in Transmutations
  6604 | D:6      | Learned a level 4 spell: Flame Wave
  6620 | D:6      | Reached skill level 1 in Fighting
  6625 | D:6      | Reached XP level 9. HP: 49/73 MP: 4/21
  6752 | D:6      | Offered knowledge of Stone Arrow by Vehumet.
  6760 | D:6      | Learned a level 3 spell: Stone Arrow
  6818 | D:6      | Found a broken altar of Ashenzari.
  7080 | D:6      | Found a staircase to the Ecumenical Temple.
  7099 | Temple   | Entered the Ecumenical Temple
  7501 | D:7      | Found a shimmering blue altar of Sif Muna.
  7627 | D:7      | Reached skill level 1 in Earth Magic
  7886 | D:7      | Found a transporter.
  7889 | D:7      | Reached skill level 5 in Conjurations
  8033 | D:7      | Found a transporter.
  8250 | D:4      | Bought a scroll of poison for 40 gold pieces
  8250 | D:4      | Bought a scroll of immolation for 40 gold pieces
  8250 | D:4      | Bought a condenser vane for 400 gold pieces
  9346 | D:8      | Reached XP level 10. HP: 84/84 MP: 2/22
  9351 | D:8      | Reached skill level 5 in Earth Magic
  9773 | D:8      | Found a transporter.
  9780 | D:8      | Found a transporter.
 10433 | D:8      | Upgraded the game from 0.30-a0-1053-gbd8d5ba0ad to
                  | 0.30-a0-1066-g63dfefce0d
 10736 | D:9      | Found a shadowy altar of Dithmenos.
 10803 | D:9      | Found a radiant altar of Vehumet.
 10803 | D:9      | Found a hazy altar of Hepliaklqana.
 10954 | D:9      | Noticed Pikel
 10958 | D:9      | Killed Pikel
 11111 | D:9      | Found a runed translucent door.
 11113 | D:9      | Found a basalt altar of Yredelemnul.
 11131 | D:9      | Reached skill level 5 in Fighting
 11250 | D:9      | Reached XP level 11. HP: 97/97 MP: 16/23
 11390 | D:9      | Reached ***** piety under Vehumet
 11390 | D:9      | Offered knowledge of Arcjolt by Vehumet.
 11396 | D:9      | Reached skill level 1 in Evocations
 11548 | D:10     | Entered Level 10 of the Dungeon
 11555 | D:10     | Learned a level 5 spell: Arcjolt
 11564 | D:10     | Found a shimmering altar of Xom.
 11584 | D:10     | Found a portal to a secret trove of treasure.
 11932 | D:10     | Reached skill level 5 in Evocations
 12366 | D:10     | Found an iron altar of Okawaru.
 12514 | D:10     | Found a snail-covered altar of Cheibriados.
 12553 | D:10     | Noticed a sixfirhy
 13044 | D:10     | Found an ancient bone altar of Kikubaaqudgha.
 13226 | D:4      | Reached skill level 5 in Fire Magic
 13437 | D:11     | Noticed a two-headed ogre
 13442 | D:11     | Noticed a manticore
 13444 | D:11     | Killed a two-headed ogre
 13454 | D:11     | Killed a manticore
 13455 | D:11     | Reached skill level 6 in Fire Magic
 13572 | D:11     | Found a gate leading to a gauntlet.
 13574 | D:11     | Found a staircase to the Orcish Mines.
 13598 | Gauntlet | Entered a Gauntlet
 13598 | Gauntlet | Found a large runed translucent door.
 13598 | Gauntlet | Found a large runed translucent door.
 13598 | Gauntlet | Found a large runed translucent door.
 13598 | Gauntlet | Found a large runed translucent door.
 13598 | Gauntlet | Found a runed translucent door.
 13598 | Gauntlet | Found a large runed translucent door.
 13598 | Gauntlet | Found a large runed translucent door.
 13598 | Gauntlet | Found a transporter.
 13598 | Gauntlet | Found a transporter.
 13598 | Gauntlet | Found a large runed translucent door.
 13598 | Gauntlet | Found a large runed translucent door.
 13598 | Gauntlet | Found a runed translucent gate.
 13598 | Gauntlet | Found a runed translucent gate.
 13598 | Gauntlet | Found a transporter.
 13598 | Gauntlet | Found a transporter.
 13605 | Gauntlet | Found a transporter.
 13605 | Gauntlet | Found a transporter.
 13614 | Gauntlet | Noticed a fire crab
 13615 | Gauntlet | Found a transporter.
 13619 | Gauntlet | Found a transporter.
 13628 | Gauntlet | Noticed a white ugly thing
 13629 | Gauntlet | Noticed a white ugly thing
 13633 | Gauntlet | Found a transporter.
 13636 | Gauntlet | Noticed a great orb of eyes
 13701 | Gauntlet | Found a runed translucent door.
 13702 | Gauntlet | Found a large runed translucent door.
 13702 | Gauntlet | Found a large runed translucent door.
 13702 | Gauntlet | Found a large runed translucent door.
 13702 | Gauntlet | Found a large runed translucent door.
 13703 | Gauntlet | Found a large runed translucent door.
 13703 | Gauntlet | Found a large runed translucent door.
 13704 | Gauntlet | Found a large runed translucent door.
 13704 | Gauntlet | Found a large runed translucent door.
 13713 | Gauntlet | Found a runed translucent gate.
 13729 | Gauntlet | Found a transporter.
 13733 | Gauntlet | Found a transporter.
 13745 | Gauntlet | Found a transporter.
 14017 | Gauntlet | Gained mutation: You passively dampen the noise of your
                  | surroundings. [potion of mutation]
 14052 | Gauntlet | Killed a cyan ugly thing
 14053 | Gauntlet | Reached skill level 7 in Fire Magic
 14065 | Gauntlet | Killed a great orb of eyes
 14066 | Gauntlet | Reached XP level 12. HP: 18/105 MP: 3/24
 14303 | Gauntlet | Identified the +0 cloak of Tuhar {rF+ rC+}
 14489 | Gauntlet | Noticed a minotaur
 14500 | Gauntlet | Killed a minotaur
 14501 | Gauntlet | Reached skill level 8 in Fire Magic
 14853 | D:11     | Found a runed translucent door.
 14859 | D:11     | Noticed a stone giant
 14953 | D:11     | Noticed a death yak
 14953 | D:11     | Noticed a death yak
 14980 | D:11     | Found a staircase to the Lair.
 14981 | D:11     | Noticed a death yak
 14989 | D:11     | Killed a death yak
 15002 | D:11     | Killed a death yak
 15012 | D:11     | Killed a death yak
 15013 | D:11     | Reached skill level 1 in Staves
 15101 | D:11     | Noticed a boulder beetle
 15110 | D:11     | Killed a boulder beetle
 15201 | D:11     | Identified the +2 pair of boots of the Beekeeper {rC++}
 15208 | D:11     | Noticed a boulder beetle
 15222 | D:11     | Killed a boulder beetle
 15312 | D:11     | Noticed a two-headed ogre
 15317 | D:11     | Killed a two-headed ogre
 15814 | Lair:1   | Entered Level 1 of the Lair of Beasts
 15846 | Lair:1   | Reached skill level 5 in Staves
 17018 | Lair:1   | Noticed Amaemon
 17148 | Lair:1   | Found a runed translucent gate.
 17148 | Lair:1   | Found a runed translucent gate.
 17148 | Lair:1   | Found a runed translucent gate.
 17251 | Lair:1   | You fall into a shaft and drop 1 floor!
 17297 | Lair:2   | Found a hole to the Spider Nest.
 17357 | Lair:1   | Offered knowledge of Sticky Flame by Vehumet.
 17453 | Lair:1   | Gained mutation: You can use your snake-like lower body to
                  | constrict enemies. [Naga growth]
 17453 | Lair:1   | Reached XP level 13. HP: 84/117 MP: 15/26
 17688 | Lair:2   | Reached skill level 10 in Spellcasting
 18066 | Lair:2   | Noticed Erica
 18077 | Lair:2   | Killed Erica
 18738 | Lair:2   | Reached skill level 5 in Dodging
 20823 | Lair:3   | Found a staircase to the Swamp.
 21026 | Lair:4   | Noticed Rupert
 21039 | Lair:4   | Found a blossoming altar of Fedhas.
 21487 | Lair:4   | Reached skill level 1 in Polearms
 22031 | Lair:5   | Entered Level 5 of the Lair of Beasts
 22132 | Lair:5   | Reached XP level 14. HP: 126/129 MP: 19/28
 22137 | Lair:5   | Reached skill level 5 in Polearms
 22983 | Lair:5   | Offered knowledge of Lee's Rapid Deconstruction by Vehumet.
 23101 | Lair:5   | Learned a level 5 spell: Lee's Rapid Deconstruction
 23463 | Lair:5   | Reached skill level 10 in Conjurations
 24189 | Lair:5   | Reached skill level 10 in Fighting
 25147 | Lair:5   | Reached skill level 10 in Evocations
 25265 | Lair:5   | Identified the +6 trident of Fedhas's Envy {flame, rElec
                  | rCorr Int-2}
 25267 | Lair:5   | Identified the +4 whip of Vome Ida {distort, rF+}
 25268 | Lair:5   | Identified the +2 leather armour of Vuaj {Int+4}
 25274 | Lair:5   | Got the Incunabulum of Airy Iniquitous Acts
 25904 | Lair:4   | Paralysed by Rupert for 4 turns
 25908 | Lair:4   | Killed Rupert
 25909 | Lair:4   | Reached skill level 5 in Air Magic
 26015 | Lair:4   | Found a staircase to the Slime Pits.
 26362 | D:4      | Bought a scroll of immolation for 40 gold pieces
 26362 | D:4      | Bought a scroll of summoning for 95 gold pieces
 26362 | D:4      | Bought a wand of polymorph (3) for 42 gold pieces
 26719 | D:12     | Reached XP level 15. HP: 138/138 MP: 26/29
 26794 | D:12     | Found Geylutt's Armour Shop.
 26817 | D:12     | Noticed Azrael
 26826 | D:12     | Killed Azrael
 27454 | D:12     | Identified 2 scrolls of acquirement
 27454 | D:12     | Acquired the +4 barding of Absolutism {rF+}
 28158 | D:13     | Offered knowledge of Ozocubu's Refrigeration by Vehumet.
 28420 | D:13     | Found a shadowy altar of Dithmenos.
 28956 | D:13     | Found a large runed translucent door.
 28957 | D:13     | Found a large runed translucent door.
 28968 | D:13     | Noticed MrClown's ghost (journeyman DsNe)
 29156 | D:13     | Found a gate to the Vaults.
 29164 | D:13     | Identified the +1 plate armour of the Black Skies {Slay+5}
 29802 | D:14     | Found Jiacsem's Distillery.
 29811 | D:14     | Bought a potion of heal wounds for 65 gold pieces
 29811 | D:14     | Bought a potion of might for 52 gold pieces
 29811 | D:14     | Bought a potion of resistance for 130 gold pieces
 29811 | D:14     | Bought a potion of mutation for 104 gold pieces
 29811 | D:14     | Bought a potion of lignification for 39 gold pieces
 30282 | D:14     | Found a basalt altar of Yredelemnul.
 30812 | D:14     | Offered knowledge of Iskenderun's Battlesphere by Vehumet.
 30973 | D:14     | Reached skill level 1 in Armour
 31183 | D:15     | Entered Level 15 of the Dungeon
 31203 | D:15     | Found a staircase to the Depths.
 31874 | D:15     | Found an iron altar of Okawaru.
 31978 | D:15     | Identified the +8 spear of the Charming Eel {freeze, +Blink
                  | rN+}
 32355 | Orc:1    | Entered Level 1 of the Orcish Mines
 32902 | Orc:2    | Entered Level 2 of the Orcish Mines
 33153 | Orc:2    | Found Potwi's Jewellery Shop.
 33172 | Orc:2    | Reached XP level 16. HP: 133/146 MP: 7/32
 33555 | Orc:2    | Found Kekhuam's Antique Weapon Shop.
 33561 | Orc:2    | Reached skill level 5 in Armour
 33995 | Orc:2    | Reached skill level 5 in Transmutations
 34039 | Orc:2    | Found a staircase to the Elven Halls.
 34185 | Orc:2    | Offered knowledge of Starburst by Vehumet.
 34413 | Orc:2    | Found Heigapsouhe's Antique Armour Shoppe.
 34572 | Orc:2    | Found Hecah's General Store.
 35000 | Orc:2    | Learned a level 6 spell: Starburst
 35255 | Swamp:1  | Entered Level 1 of the Swamp
 35726 | Swamp:1  | Identified the +8 quarterstaff of Fixation {heavy, rElec
                  | rF+ Will- Str+5}
 36003 | Swamp:1  | Reached skill level 9 in Fire Magic
 36720 | Swamp:2  | Identified the +3 buckler of Syndicalism {rPois Will+}
 37181 | Swamp:2  | Identified the ring of Teffof {Fire rElec rN+ Int+3 Dex-5}
 37288 | Swamp:2  | Reached skill level 1 in Shields
 38196 | Swamp:2  | Identified the +1 leather armour of Immorality {*Slow rF+
                  | Str+8}
 38918 | Swamp:3  | Reached skill level 5 in Shields
 39401 | Swamp:4  | Entered Level 4 of the Swamp
 39401 | Swamp:4  | Noticed Mara
 39411 | Swamp:3  | Killed Mara
 39412 | Swamp:3  | Reached skill level 10 in Fire Magic
 39450 | Swamp:4  | Noticed a fenstrider witch
 39905 | Swamp:4  | Reached XP level 17. HP: 103/157 MP: 9/33
 40052 | Swamp:4  | Offered knowledge of Orb of Destruction by Vehumet.
 40144 | Swamp:4  | Learned a level 7 spell: Orb of Destruction
 40322 | Swamp:4  | Identified the +4 spear of the Common Good {heavy, rN+}
 41218 | Swamp:4  | Got a decaying rune of Zot
 42139 | Spider:1 | Entered Level 1 of the Spider Nest
 44020 | Spider:1 | Identified the +0 pair of gloves of the Blind Marksman
                  | {Str-2 Dex+6}
 44688 | Spider:2 | Noticed Arachne
 44706 | Spider:2 | Killed Arachne
 44880 | Spider:2 | Reached XP level 18. HP: 168/168 MP: 30/34
 46162 | Spider:3 | Reached ****** piety under Vehumet
 47210 | Spider:4 | Entered Level 4 of the Spider Nest
 48161 | Spider:4 | Offered knowledge of Lehudib's Crystal Spear by Vehumet.
 48161 | Spider:4 | Offered knowledge of Polar Vortex by Vehumet.
 48161 | Spider:4 | Offered knowledge of Ignition by Vehumet.
 49569 | Spider:4 | Identified the +0 hat "Cemoaxuzxi" {Str+4 Int+2}
 49596 | Spider:4 | Got a gossamer rune of Zot
 50031 | Depths:1 | Entered Level 1 of the Depths
 50404 | Depths:1 | Reached skill level 11 in Fire Magic
 50471 | Depths:1 | Found a bloodstained altar of Trog.
 51121 | Depths:1 | Found a one-way gate leading to the halls of Pandemonium.
 51347 | Depths:1 | Noticed Aizul
 51355 | Depths:1 | Killed Aizul
 51423 | Depths:1 | Reached skill level 12 in Fire Magic
 51629 | Depths:1 | Found a one-way gateway to a ziggurat.
 52068 | Depths:1 | Reached XP level 19. HP: 155/178 MP: 20/37
 52263 | Depths:1 | Found a gateway to Hell.
 52683 | Depths:2 | Reached skill level 15 in Spellcasting
 52688 | Depths:2 | Found a magical portal.
 52697 | WizLab   | Entered Eringya's Formal Garden
 53891 | WizLab   | Learned a level 6 spell: Iron Shot
 54284 | WizLab   | Found a blossoming altar of Fedhas.
 54858 | Depths:2 | Reached skill level 10 in Earth Magic
 56728 | Depths:2 | Found an ornate altar of the Wu Jian Council.
 57267 | Depths:2 | Upgraded the game from 0.30-a0-1066-g63dfefce0d to
                  | 0.30-a0-1074-g5db6f66fbb
 57387 | Depths:3 | Reached XP level 20. HP: 190/190 MP: 34/39
 58410 | Depths:3 | Noticed Xtahua
 58419 | Depths:3 | Killed Xtahua
 58420 | Depths:3 | Reached skill level 10 in Armour
 59429 | Depths:3 | Noticed a juggernaut
 59449 | Depths:3 | Killed a juggernaut
 59659 | Depths:3 | Identified the +4 quarterstaff of Osougot {freeze, Fragile
                  | rElec rPois}
 59695 | Depths:3 | Identified the +6 morningstar of Articulation {flame, rF++
                  | Will-}
 59698 | Depths:3 | Identified the +5 demon whip "Painwa" {venom, rF+ rN+
                  | Str+2}
 59699 | Depths:3 | Identified the +9 dire flail of the Eternal Warrior {drain,
                  | +Blink rN+ Str+3}
 59700 | Depths:3 | Identified the +3 quarterstaff of Lesuti Juc {venom, rN+
                  | Str-5 Dex+2}
 59769 | Depths:3 | Reached skill level 10 in Polearms
 60217 | Depths:4 | Entered Level 4 of the Depths
 60431 | Depths:4 | Found a gate to the Realm of Zot.
 60431 | Depths:4 | Noticed a golden dragon
 60443 | Depths:4 | Killed a golden dragon
 60995 | Depths:4 | Found Ruoqost's Distillery.
 61467 | Depths:4 | Found Ysi Voxt's Antique Weapon Shop.
 61469 | Depths:4 | Bought a potion of haste for 200 gold pieces
 61469 | Depths:4 | Bought a potion of haste for 200 gold pieces
 61469 | Depths:4 | Bought a potion of might for 80 gold pieces
 61469 | Depths:4 | Bought a potion of attraction for 60 gold pieces
 61469 | Depths:4 | Bought a potion of curing for 60 gold pieces
 61469 | Depths:4 | Bought a potion of mutation for 160 gold pieces
 61488 | Depths:4 | Found the +12 pair of quick blades "Gyre" and "Gimble"
                  | {protect}
 61548 | Depths:4 | Reached XP level 21. HP: 178/198 MP: 38/40
 61626 | Depths:4 | Found a sacrificial altar of Ru.
 61684 | Depths:4 | Noticed a caustic shrike
 61684 | Depths:4 | Noticed a caustic shrike
 61684 | Depths:4 | Noticed a caustic shrike
 61684 | Depths:4 | Noticed a caustic shrike
 61697 | Depths:4 | Killed a caustic shrike
 62416 | Depths:4 | Killed a caustic shrike
 62420 | Depths:4 | Killed a caustic shrike
 62421 | Depths:4 | Killed a caustic shrike
 62422 | Depths:4 | Reached skill level 13 in Fire Magic
 63304 | Elf:1    | Entered Level 1 of the Elven Halls
 63412 | Elf:1    | Found a crumbling gateway.
 63414 | Elf:1    | Found a glowing golden altar of the Shining One.
 63414 | Elf:1    | Found a white marble altar of Elyvilon.
 63455 | Elf:1    | Found a glowing silver altar of Zin.
 63466 | Desolati | Entered the Desolation of Salt
 63633 | Desolati | Reached skill level 1 in Translocations
 63638 | Desolati | Identified the ring of Music {*Slow rC+ Will+ Str+3 SInv}
 63738 | Desolati | Got the Compilation of Fulmination
 63740 | Desolati | Identified the +9 mace "Xokhleq" {antimagic, rC+}
 63797 | Desolati | Learned a level 2 spell: Blink
 63802 | Desolati | Learned a level 4 spell: Passage of Golubria
 64024 | Desolati | Reached skill level 5 in Translocations
 64311 | Desolati | Identified the +1 scale mail of Negation {Str+3}
 64316 | Desolati | Got the Meditations on Ghastly Accomplices
 64317 | Desolati | Identified the amulet "Ariat" {Spirit Harm rN++ Int+2
                  | Dex-4}
 64497 | Desolati | Identified the staff of air "Vigamn" {rElec Will+ Str+2
                  | Dex-5}
 64516 | Desolati | Got Guxuku's Commentary on Evolution
 64518 | Desolati | Got Mooty's Cyclopedia of Attacks
 64530 | Desolati | Identified the ring of Lies {rC+ MP+9 Dex+3}
 64870 | Elf:1    | Reached skill level 15 in Fighting
 65892 | Elf:2    | Reached skill level 14 in Fire Magic
 66006 | Elf:2    | Identified the ring of Fedhas's Grace {Drain rElec rPois
                  | rN+ Dex+4}
 66035 | Elf:2    | Reached XP level 22. HP: 186/213 MP: 41/41
 66041 | Elf:2    | Reached skill level 15 in Fire Magic
 66287 | Elf:2    | Found a runed translucent gate.
 66287 | Elf:2    | Found a runed translucent gate.
 66287 | Elf:2    | Found a runed translucent gate.
 66355 | Elf:2    | Paralysed by an air elemental for 1 turns
 66637 | Elf:2    | Reached skill level 16 in Fire Magic
 66863 | Elf:3    | Entered Level 3 of the Elven Halls
 67694 | Elf:3    | Paralysed by an air elemental for 1 turns
 67698 | Elf:3    | Paralysed by an air elemental for 1 turns
 67768 | Elf:3    | Found a runed translucent gate.
 67768 | Elf:3    | Found a runed translucent gate.
 67771 | Elf:3    | Found a runed translucent gate.
 67771 | Elf:3    | Found an opulent altar of Gozag.
 67771 | Elf:3    | Found Wirajots's Assorted Antiques.
 67773 | Elf:3    | Found Saudud's Assorted Antiques.
 67774 | Elf:3    | Noticed vineage's ghost (adept GrFi)
 67954 | Elf:3    | Paralysed by an air elemental for 1 turns
 67981 | Elf:3    | Reached skill level 10 in Dodging
 68107 | Elf:3    | Identified the ring of Moejirex {Fire Str+3 Dex+5}
 68215 | Elf:3    | Reached skill level 17 in Fire Magic
 68279 | Elf:3    | Identified the +10 morningstar "Xaxuer" {heavy, rPois rC+
                  | rCorr Int-3}
 68279 | Elf:3    | Identified the ring of Music {rC+ Int+3}
 68307 | Elf:3    | Identified the ring of Nymmuk {Contam rCorr MP+9 Str-4
                  | Stlth+}
 68332 | Elf:3    | Identified the amulet "Lauz" {RegenMP Rampage rC+}
 68422 | Elf:3    | Identified the +5 falchion "Trog's Righteous Anger" {elec,
                  | rF+ Str+2}
 68642 | Elf:3    | Got the Catalogue of the Map and Formation
 69211 | Vaults:1 | Entered Level 1 of the Vaults
 69220 | Vaults:1 | Reached skill level 18 in Fire Magic
 70449 | Vaults:1 | Reached XP level 23. HP: 220/220 MP: 42/42
 70491 | Vaults:1 | Noticed Saint Roka
 70501 | Vaults:1 | Killed Saint Roka
 71678 | Vaults:2 | Reached skill level 15 in Conjurations
 71943 | Vaults:2 | Noticed Bai Suzhen
 71956 | Vaults:2 | Killed Bai Suzhen
 72446 | Vaults:2 | Found a staircase to the Crypt.
 72446 | Vaults:2 | Found a basalt altar of Yredelemnul.
 72447 | Vaults:2 | Found an ancient bone altar of Kikubaaqudgha.
 73344 | Vaults:3 | Found Cagocw's Antique Armour Emporium.
 74059 | Vaults:3 | Learned a level 9 spell: Fire Storm
 74613 | Vaults:4 | Reached XP level 24. HP: 208/229 MP: 31/43
 74773 | Vaults:4 | Found Tuclidim's Jewellery Emporium.
 75896 | Slime:1  | Entered Level 1 of the Pits of Slime
 76852 | Slime:2  | You fall into a shaft and drop 2 floors!
 77776 | Slime:5  | Entered Level 5 of the Pits of Slime
 78065 | Slime:5  | Gained mutation: You occasionally lose the ability to read
                  | scrolls when taking damage. [a shining eye]
 78066 | Slime:5  | Gained mutation: You do not regenerate when monsters are
                  | visible. [a shining eye]
 78068 | Slime:5  | Lost mutation: You occasionally lose the ability to read
                  | scrolls when taking damage. [potion of mutation]
 78068 | Slime:5  | Lost mutation: You do not regenerate when monsters are
                  | visible. [potion of mutation]
 78068 | Slime:5  | Gained mutation: You are robust. (+10% HP) [potion of
                  | mutation]
 78068 | Slime:5  | Lost mutation: You passively dampen the noise of your
                  | surroundings. [potion of mutation]
 78068 | Slime:5  | Gained mutation: You are strong-willed. (Will+) [potion of
                  | mutation]
 78068 | Slime:5  | Gained mutation: Your movements are slightly less
                  | encumbered by armour. (ER -2) [potion of mutation]
 78350 | Slime:5  | Noticed the Royal Jelly
 78367 | Slime:5  | HP: 8/251 [rockslime[the Royal Jelly] (29)]
 78369 | Slime:5  | Killed the Royal Jelly
 78743 | Slime:5  | Got the Compilation of the Missiles
 78760 | Slime:5  | Identified the +9 short sword "Uwuph" {heavy, rF+}
 78767 | Slime:5  | Identified the ring of Bygacewn {rF+ rC++ AC+4 Int+3}
 78775 | Slime:5  | Identified the +6 rapier "Miaz" {heavy, Dex+4}
 78788 | Slime:5  | Identified the +11 morningstar "Taraav" {speed, rC+ rN+
                  | MP+9 Str+3}
 78790 | Slime:5  | Got a slimy rune of Zot
 78799 | Slime:5  | Identified the +0 plate armour of Pan-Flutes {Str+4 Int+3
                  | Dex+3}
 78812 | Slime:5  | Identified the ring "Fitikhoc" {rC+ Will++}
 78857 | Slime:5  | Identified the staff of cold "Uxtujy" {rC+ Str+2 Dex+6}
 79100 | Slime:5  | Learned a level 8 spell: Ignition
 79398 | Vaults:5 | Entered Level 5 of the Vaults
 79421 | Vaults:5 | Reached XP level 25. HP: 214/259 MP: 39/45
 79464 | Vaults:5 | Noticed a dread lich
 79472 | Vaults:5 | Reached skill level 19 in Fire Magic
 79473 | Vaults:5 | Killed a dread lich
 80098 | Vaults:5 | Reached skill level 20 in Fire Magic
 80107 | Vaults:5 | Identified the +6 chain mail of Xebeg {rC+ Regen+ Dex+2}
 80216 | Vaults:5 | Identified the +1 hat "Ymajoif" {rC+}
 80602 | Vaults:5 | Got the Almanac of Saltpetre
 80927 | Vaults:5 | Found Yvisuplino's Antique Armour Boutique.
 80941 | Vaults:5 | Got a silver rune of Zot
 81032 | Vaults:5 | Found Gokkuov's Antique Armour Shop.
 81709 | Crypt:1  | Entered Level 1 of the Crypt
 81932 | Crypt:1  | Identified the +0 leather armour of Dishonour {+Blink
                  | Will+++ rCorr Stlth-}
 81984 | Crypt:1  | Noticed Sojobo
 81989 | Crypt:1  | Killed Sojobo
 81996 | Crypt:1  | Noticed Grunn
 82004 | Crypt:1  | Killed Grunn
 82641 | Crypt:2  | Reached XP level 26. HP: 161/278 MP: 6/45
 82822 | Crypt:2  | Found a huge runed gate.
 82822 | Crypt:2  | Found a huge runed gate.
 82823 | Crypt:2  | Found a huge runed gate.
 82823 | Crypt:2  | Found a huge runed gate.
 82824 | Crypt:2  | Found a huge runed gate.
 82825 | Crypt:2  | Found a huge runed gate.
 82825 | Crypt:2  | Found a huge runed gate.
 82825 | Crypt:2  | Found a huge runed gate.
 82826 | Crypt:2  | Found a huge runed gate.
 82826 | Crypt:2  | Found a huge runed gate.
 82828 | Crypt:2  | Found a huge runed gate.
 82829 | Crypt:2  | Found a huge runed gate.
 82831 | Crypt:2  | Found a huge runed gate.
 82832 | Crypt:2  | Found a huge runed gate.
 82835 | Crypt:2  | Found a huge runed gate.
 82836 | Crypt:2  | Found a huge runed gate.
 82843 | Crypt:2  | Found a huge runed gate.
 82843 | Crypt:2  | Found a huge runed gate.
 82843 | Crypt:2  | Found a huge runed gate.
 82843 | Crypt:2  | Found a huge runed gate.
 82843 | Crypt:2  | Found a huge runed gate.
 82843 | Crypt:2  | Found a huge runed gate.
 82844 | Crypt:2  | Found a huge runed gate.
 82966 | Crypt:2  | Identified the +0 trident of Kiepriuc {holy, rF++ Dex-3}
 83343 | Crypt:2  | Found a huge runed gate.
 83344 | Crypt:2  | Found a huge runed gate.
 83345 | Crypt:2  | Found a huge runed gate.
 83353 | Crypt:2  | Found a huge runed gate.
 83353 | Crypt:2  | Found a huge runed gate.
 83353 | Crypt:2  | Found a huge runed gate.
 83353 | Crypt:2  | Found a huge runed gate.
 83353 | Crypt:2  | Found a huge runed gate.
 83353 | Crypt:2  | Found a huge runed gate.
 83354 | Crypt:2  | Found a huge runed gate.
 83355 | Crypt:2  | Found a huge runed gate.
 83356 | Crypt:2  | Found a huge runed gate.
 83438 | Crypt:2  | Found a huge runed gate.
 83496 | Crypt:2  | Noticed an ancient lich
 83505 | Crypt:2  | Killed an ancient lich
 83659 | Crypt:3  | Entered Level 3 of the Crypt
 83841 | Crypt:3  | Reached skill level 21 in Fire Magic
 84211 | Crypt:3  | Noticed a dread lich
 84214 | Crypt:3  | Killed a dread lich
 84291 | Crypt:3  | Found a staircase to the Tomb.
 85282 | Crypt:3  | Found the +13 scythe of Curses {drain, curses, Drain}
 85635 | Crypt:3  | Noticed Jory
 85643 | Crypt:3  | Killed Jory
 85677 | Crypt:3  | Found the +3 pair of mountain boots {steadfast, rC+}
 85705 | Crypt:3  | Identified the +5 scale mail of Doennyinke {+Inv rC- Slay+4
                  | SInv}
 85720 | Crypt:3  | Identified the +10 sling of Resourcefulness {elec, +Blink
                  | rElec rC+ Str+3}
 85939 | Abyss:4  | Cast into level 4 of the Abyss (unwielding a weapon of
                  | distortion)
 85940 | Abyss:4  | Found a corrupted altar of Lugonu.
 85952 | Abyss:4  | Found a corrupted altar of Lugonu.
 86158 | Abyss:4  | Noticed an ancient lich
 86160 | Crypt:1  | Escaped the Abyss
 86289 | Crypt:1  | Gained mutation: You are weak. (Str -2) [mutagenic glow]
 86299 | Crypt:1  | Gained mutation: You have hidden genetic defects.
                  | [mutagenic glow]
 86318 | Crypt:1  | Gained mutation: You are very weak. (Str -4) [mutagenic
                  | glow]
 86375 | Crypt:1  | Lost mutation: You are robust. (+10% HP) [potion of
                  | mutation]
 86375 | Crypt:1  | Lost mutation: You are strong-willed. (Will+) [potion of
                  | mutation]
 86375 | Crypt:1  | Lost mutation: You have hidden genetic defects. [potion of
                  | mutation]
 86375 | Crypt:1  | Gained mutation: You expend magic power (3 MP) to
                  | strengthen your wands. [potion of mutation]
 86375 | Crypt:1  | Gained mutation: You are resistant to electric shocks.
                  | (rElec) [potion of mutation]
 86386 | Crypt:1  | Lost mutation: You are very weak. (Str -4) [mutagenic glow]
 86843 | Zot:1    | Entered Level 1 of the Realm of Zot
 87989 | Zot:2    | Reached XP level 27. HP: 212/268 MP: 42/46
 88532 | Zot:1    | Noticed an orb of fire
 88540 | Zot:1    | Gained mutation: Your body sometimes deteriorates upon
                  | taking damage. [an orb of fire]
 88544 | Zot:1    | Killed an orb of fire
 88597 | Zot:1    | Lost mutation: You expend magic power (3 MP) to strengthen
                  | your wands. [potion of mutation]
 88597 | Zot:1    | Lost mutation: You are resistant to electric shocks.
                  | (rElec) [potion of mutation]
 88597 | Zot:1    | Gained mutation: You have hidden genetic potential. [potion
                  | of mutation]
 88597 | Zot:1    | Lost mutation: You have hidden genetic potential. [potion
                  | of mutation]
 88598 | Zot:1    | Lost mutation: You are weak. (Str -2) [potion of mutation]
 88598 | Zot:1    | Lost mutation: Your body sometimes deteriorates upon taking
                  | damage. [potion of mutation]
 88598 | Zot:1    | Gained mutation: You expend magic power (3 MP) to
                  | strengthen your wands. [potion of mutation]
 88948 | Zot:3    | Found the +4 dragonskin cloak
 88948 | Zot:3    | Noticed Tiamat
 88961 | Zot:3    | Killed Tiamat
 89061 | Zot:3    | Acquired the Elucidation of Infinity
 89110 | Zot:3    | Reached skill level 1 in Summonings
 89682 | D:15     | Acquired Sif Muna's Notes on Grim Superposition
 89699 | D:15     | Learned a level 8 spell: Lehudib's Crystal Spear
 89707 | D:15     | Learned a level 7 spell: Spellforged Servitor
 90248 | Zot:3    | Reached skill level 5 in Summonings
 90641 | Zot:4    | Acquired the ring "Adys" {rPois rN+ Str+6 Dex-2}
 90676 | Zot:4    | Found a runed translucent gate.
 90676 | Zot:4    | Found a runed translucent gate.
 90676 | Zot:4    | Noticed Juesuu's ghost (legendary DrCj)
 90677 | Zot:4    | Found a runed translucent gate.
 90857 | Zot:4    | Found a bloodstained altar of Trog.
 91196 | Zot:5    | Entered Level 5 of the Realm of Zot
 91693 | Zot:5    | Reached skill level 10 in Summonings
 91776 | Zot:5    | Noticed an ancient lich
 91782 | Zot:5    | Killed an ancient lich
 91795 | Zot:5    | Noticed an orb of fire
 91795 | Zot:5    | Noticed an orb of fire
 91796 | Zot:5    | Gained mutation: Your magical capacity is low. (-10% MP)
                  | [an orb of fire]
 91799 | Zot:5    | Killed an orb of fire
 91800 | Zot:5    | Killed an orb of fire
 91828 | Zot:5    | Noticed an orb of fire
 91829 | Zot:5    | Noticed an orb of fire
 91835 | Zot:5    | Killed an orb of fire
 91837 | Zot:5    | Killed an orb of fire
 92020 | Zot:5    | Noticed an ancient lich
 92044 | Zot:5    | Killed an ancient lich
 92076 | Zot:5    | Lost mutation: Your magical capacity is low. (-10% MP)
                  | [potion of mutation]
 92076 | Zot:5    | Lost mutation: You expend magic power (3 MP) to strengthen
                  | your wands. [potion of mutation]
 92076 | Zot:5    | Lost mutation: Your movements are slightly less encumbered
                  | by armour. (ER -2) [potion of mutation]
 92076 | Zot:5    | Gained mutation: Your mind is acute. (Int +4, Str/Dex -1)
                  | [potion of mutation]
 92076 | Zot:5    | Gained mutation: You possess an exceptional clarity of
                  | mind. [potion of mutation]
 92076 | Zot:5    | Gained mutation: Your muscles are strong. (Str +4, Int/Dex
                  | -1) [potion of mutation]
 92079 | Zot:5    | Identified the +7 broad axe of Fabulous Valiance {protect,
                  | rN++ Str+5}
 92336 | Hell     | Entered the Vestibule of Hell
 92336 | Hell     | Noticed Murray
 92336 | Hell     | Noticed Geryon
 92342 | Hell     | Killed Murray
 92352 | Hell     | Killed Geryon
 92570 | Hell     | Found a gateway to the freezing wastes of Cocytus.
 92668 | Hell     | Found a gateway to the ashen valley of Gehenna.
 92754 | Hell     | Found a gateway to the decaying netherworld of Tartarus.
 92837 | Hell     | Found a gateway to the Iron City of Dis.
 93170 | D:10     | You paid a toll of the horn of Geryon to enter a treasure
                  | trove
 93171 | Trove    | Entered a treasure trove
 93263 | D:10     | Learned a level 1 spell: Apportation
 94669 | Elf:2    | Reached skill level 1 in Necromancy
 94856 | Elf:2    | Reached skill level 5 in Necromancy
 95093 | Elf:3    | Killed vineage's ghost
 95175 | Elf:3    | Bought a scroll of vulnerability for 88 gold pieces
 95175 | Elf:3    | Bought a potion of curing for 66 gold pieces
 95175 | Elf:3    | Bought a potion of mutation for 176 gold pieces
 95175 | Elf:3    | Bought a potion of might for 88 gold pieces
 95200 | Elf:3    | Bought a wand of mindburst (12) for 453 gold pieces
 95200 | Elf:3    | Bought a wand of quicksilver (3) for 340 gold pieces
 95200 | Elf:3    | Bought a runed hat for 189 gold pieces
 95936 | D:13     | Killed MrClown's ghost
 96069 | D:14     | Bought a potion of ambrosia for 104 gold pieces
 96069 | D:14     | Bought a potion of ambrosia for 104 gold pieces
 96069 | D:14     | Bought a potion of attraction for 39 gold pieces
 96373 | Zot:4    | Killed Juesuu's ghost
 96416 | Zot:4    | Identified the +1 helmet "Wias" {rPois Str+3 Int+3}
 96663 | Pan      | Entered Pandemonium
 96740 | Pan      | Found a glowing silver altar of Zin.
 96845 | Pan      | Identified the +2 leather armour of a bailey {Drain rElec
                  | Int+4}
 97183 | Pan      | Reached skill level 10 in Necromancy
 97289 | Pan      | Identified the +9 tower shield "Qaffuwer" {rC+ rN+++ Str+3
                  | Dex-5}
 97668 | Pan      | Found a white marble altar of Elyvilon.
 97767 | Pan      | Identified the +3 scale mail "Balujam" {rPois rCorr Dex-3
                  | Stlth-}
 98094 | Pan      | Reached skill level 10 in Transmutations
 98536 | Pan      | Identified the ring "Uveaf" {rElec rC- Str+6 Slay+4}
 98584 | Pan      | Identified the ring "Kicus" {rCorr Str+2 Int+7 Stlth+}
 98588 | Pan      | Found a glowing golden altar of the Shining One.
 98602 | Pan      | Noticed a seraph
 98839 | Pan      | Killed a seraph
 98905 | Pan      | Got a demonic rune of Zot
 99727 | Pan      | Identified the +4 tower shield "Giowoumo" {rN+ Stlth+}
100042 | Depths:1 | Escaped Pandemonium
100161 | Pan      | Entered Pandemonium
100196 | Pan      | Noticed Ignacio
100203 | Pan      | HP: 9/282 [Ignacio/+5 executioner's axe of pain (6)]
100205 | Pan      | Killed Ignacio
100393 | Pan      | Found an exit through the horrors of the Abyss.
100493 | Pan      | Took an exit into the Abyss.
100493 | Abyss:4  | Escaped into the Abyss
100562 | Abyss:4  | Found a transporter.
100623 | Abyss:4  | Found a transporter.
100628 | Abyss:4  | Got an abyssal rune of Zot
100651 | Depths:1 | Escaped the Abyss
100663 | Depths:1 | Learned a level 8 spell: Necromutation
100668 | Pan      | Entered Pandemonium
100904 | Pan      | Noticed Ushe the pandemonium lord
100919 | Pan      | Killed Ushe the pandemonium lord
101201 | Pan      | Acquired the +1 helmet "Yritoez" {rElec rCorr Dex-4}
101342 | Pan      | Entered the realm of Mnoleg.
101359 | Pan      | Gained mutation: You have hidden genetic potential. [a
                  | cacodemon]
101365 | Pan      | Gained mutation: Your magical capacity is low. (-10% MP) [a
                  | shining eye]
101392 | Pan      | Identified the +2 pair of gloves of Sin {Str-5 Int-2 Slay+5
                  | SInv}
101458 | Pan      | Reached skill level 15 in Necromancy
101458 | Pan      | Gained mutation: Your magical capacity is very low. (-20%
                  | MP) [a neqoxec]
101460 | Pan      | Lost mutation: You possess an exceptional clarity of mind.
                  | [potion of mutation]
101460 | Pan      | Lost mutation: Your magical capacity is very low. (-20% MP)
                  | [potion of mutation]
101460 | Pan      | Gained mutation: You have a pair of small horns on your
                  | head. [potion of mutation]
101460 | Pan      | Gained mutation: Your flesh is heat resistant. (rF+)
                  | [potion of mutation]
101460 | Pan      | Lost mutation: Your flesh is heat resistant. (rF+) [potion
                  | of mutation]
101472 | Pan      | Noticed Mnoleg
101481 | Pan      | Killed Mnoleg
101487 | Pan      | Reached skill level 15 in Transmutations
101530 | Pan      | Got a glowing rune of Zot
101565 | Pan      | Identified the +6 plate armour of Generosity {+Inv Fly
                  | Str+2 Dex-4}
101643 | Pan      | Lost mutation: Your muscles are strong. (Str +4, Int/Dex
                  | -1) [potion of mutation]
101643 | Pan      | Lost mutation: You have a pair of small horns on your head.
                  | [potion of mutation]
101643 | Pan      | Gained mutation: You can exhale a cloud of poison. [potion
                  | of mutation]
101643 | Pan      | Gained mutation: Your body sometimes deteriorates upon
                  | taking damage. [potion of mutation]
101643 | Pan      | Gained mutation: Your tail ends in a venomous barb. [potion
                  | of mutation]
101644 | Pan      | Lost mutation: Your tail ends in a venomous barb. [potion
                  | of mutation]
101644 | Pan      | Lost mutation: Your body sometimes deteriorates upon taking
                  | damage. [potion of mutation]
101644 | Pan      | Lost mutation: You can exhale a cloud of poison. [potion of
                  | mutation]
101645 | Pan      | Lost mutation: Your mind is acute. (Int +4, Str/Dex -1)
                  | [potion of mutation]
101645 | Pan      | Lost mutation: You have hidden genetic potential. [potion
                  | of mutation]
101645 | Pan      | Gained mutation: Your flesh is cold resistant. (rC+)
                  | [potion of mutation]
101645 | Pan      | Gained mutation: You expend magic power (3 MP) to
                  | strengthen your wands. [potion of mutation]
101645 | Pan      | Gained mutation: You can exhale a cloud of poison. [potion
                  | of mutation]
101733 | Pan      | Found an exit through the horrors of the Abyss.
102387 | Pan      | Noticed Mennas
102406 | Pan      | Killed Mennas
102432 | Pan      | Entered the realm of Lom Lobon.
102536 | Pan      | Noticed Lom Lobon
102554 | Pan      | Killed Lom Lobon
102589 | Pan      | Got a magical rune of Zot
102707 | Pan      | Identified the +2 pair of boots of Orut {rPois rN+ Str-2
                  | SInv}
102961 | Pan      | Found an exit through the horrors of the Abyss.
103165 | Pan      | Reached skill level 15 in Dodging
103377 | Depths:1 | Escaped Pandemonium
103511 | Pan      | Entered Pandemonium
103546 | Pan      | Entered the realm of Cerebov.
103957 | Pan      | Found an exit through the horrors of the Abyss.
104201 | Pan      | Identified the +8 lajatang of Causality {heavy, Int+3}
104201 | Pan      | Identified the ring "Xiostika" {Fire *Corrode Int+3}
104390 | Pan      | Identified the staff of poison "Loskugio" {rPois Will+
                  | Dex+2}
104393 | Pan      | Identified the +1 robe of Rangye {Regen+ Slay+5}
104528 | Pan      | Identified the amulet "Leonag" {Reflect Str+3 Int+3 SH+5}
104535 | Pan      | Identified the staff of earth "Yrchaymoj" {rPois Int-4
                  | Dex+5}
104683 | Pan      | Identified the +1 plate armour of the Sun {rC+ Will+ rCorr}
104767 | Pan      | Identified the -1 pair of boots of Qanop {Fly Str-4 Dex+3
                  | Slay+4}
104890 | Pan      | Found the +6 sword of Cerebov {flame}
104890 | Pan      | Noticed Cerebov
104907 | Pan      | Killed Cerebov
104976 | Pan      | Identified the +6 falchion of Calculation {flame, Fragile
                  | rN+++ Stlth+}
105043 | Pan      | Got a fiery rune of Zot
105114 | Pan      | Learned a level 5 spell: Borgnjor's Vile Clutch
105128 | Pan      | Entered the realm of Gloorx Vloq.
105130 | Pan      | Upgraded the game from 0.30-a0-1074-g5db6f66fbb to
                  | 0.30-a0-1075-gcd70e7a56d
105390 | Pan      | Found an exit through the horrors of the Abyss.
105612 | Pan      | Noticed Gloorx Vloq
105618 | Pan      | Killed Gloorx Vloq
105623 | Pan      | Got a dark rune of Zot
106001 | Pan      | Noticed Caproaro the pandemonium lord
106006 | Pan      | Killed Caproaro the pandemonium lord
106061 | Pan      | Found an exit through the horrors of the Abyss.
106657 | Pan      | Reached skill level 10 in Stealth
106889 | Pan      | Noticed Agizecu the pandemonium lord
106893 | Pan      | Killed Agizecu the pandemonium lord
107032 | Pan      | Identified the +10 plate armour of Card Tricks {rF+ rN+}
108477 | Pan      | Noticed Voarch the pandemonium lord
108582 | Pan      | Identified the +2 robe "Tamieska" {Int+3}
108812 | Pan      | Found an exit through the horrors of the Abyss.
108972 | Pan      | Killed Voarch the pandemonium lord
109049 | Pan      | Found an exit through the horrors of the Abyss.
109239 | Pan      | Noticed Reuxis the pandemonium lord
109239 | Pan      | Gained mutation: You are occasionally teleported next to
                  | monsters. [a neqoxec]
109242 | Pan      | Killed Reuxis the pandemonium lord
109773 | Pan      | Found an exit through the horrors of the Abyss.
109790 | Pan      | Identified the +9 plate armour "Tamyck" {Rampage Str+2
                  | Dex-5}
109981 | Pan      | Identified the +2 ring mail "Rarodu Fimo" {Str-2 Int+4
                  | SInv}
109998 | Pan      | Identified the +5 broad axe of Ypius {freeze, rF+ rN+++
                  | Will- Stlth+}
110056 | Pan      | Identified the +4 leather armour of the Robin {Rampage
                  | Str+3}
110715 | Pan      | Noticed Uteuwn the pandemonium lord
110724 | Pan      | Killed Uteuwn the pandemonium lord
110861 | Pan      | Lost mutation: Your flesh is cold resistant. (rC+) [potion
                  | of mutation]
110861 | Pan      | Lost mutation: You can exhale a cloud of poison. [potion of
                  | mutation]
110861 | Pan      | Gained mutation: You occasionally lose the ability to read
                  | scrolls when taking damage. [potion of mutation]
110861 | Pan      | Gained mutation: You have sharp fingernails. [potion of
                  | mutation]
110862 | Pan      | Lost mutation: Your magical capacity is low. (-10% MP)
                  | [potion of mutation]
110862 | Pan      | Lost mutation: You are occasionally teleported next to
                  | monsters. [potion of mutation]
110862 | Pan      | Lost mutation: You have sharp fingernails. [potion of
                  | mutation]
110862 | Pan      | Gained mutation: You are robust. (+10% HP) [potion of
                  | mutation]
110862 | Pan      | Gained mutation: You are very robust. (+20% HP) [potion of
                  | mutation]
110863 | Pan      | Lost mutation: You are very robust. (+20% HP) [potion of
                  | mutation]
110863 | Pan      | Lost mutation: You are robust. (+10% HP) [potion of
                  | mutation]
110863 | Pan      | Lost mutation: You occasionally lose the ability to read
                  | scrolls when taking damage. [potion of mutation]
110863 | Pan      | Gained mutation: You are robust. (+10% HP) [potion of
                  | mutation]
110863 | Pan      | Gained mutation: You are vulnerable to cold. (rC-) [potion
                  | of mutation]
110931 | Pan      | Found an exit through the horrors of the Abyss.
110943 | Pan      | Identified the +0 leather armour "Coihat" {Drain rF++}
111353 | Depths:1 | Escaped Pandemonium
112027 | Geh:1    | Entered Level 1 of Gehenna
112211 | Geh:2    | You fall into a shaft and drop 1 floor!
112321 | Geh:3    | Reached skill level 15 in Earth Magic
112451 | Geh:5    | Noticed an ancient lich
112465 | Geh:5    | Killed an ancient lich
112890 | Geh:7    | Entered Level 7 of Gehenna
113342 | Geh:7    | Identified the staff of air "Tusayxt" {rElec rPois rCorr}
113897 | Geh:7    | Noticed the Serpent of Hell
113908 | Geh:7    | Killed the Serpent of Hell
114018 | Geh:7    | Found the macabre finger necklace {Finger+ rN+}
114175 | Geh:7    | Found the +13 sceptre of Asmodeus
114175 | Geh:7    | Noticed Asmodeus
114201 | Geh:7    | Killed Asmodeus
114275 | Geh:7    | Found the +10 Black Knight's barding {ponderous, rPois rN+}
114305 | Geh:7    | Identified the staff of fire "Bem Upok" {rF+ Str+2}
114331 | Geh:7    | Identified the +0 robe of Past Mistakes {rPois Regen+ Str+2
                  | Dex-3}
114335 | Geh:7    | Identified the +3 long sword of Fisteih {pain, Fly rF+}
114336 | Geh:7    | Identified the +9 plate armour of Boredom {Str-5 Dex+4}
114346 | Geh:7    | Got an obsidian rune of Zot
114411 | Geh:7    | Identified the staff of cold "Rooxask" {rC+ Int+4}
114412 | Geh:7    | Identified the staff of earth "Berghuh" {rCorr Stlth+}
114479 | Geh:7    | Identified the +8 chain mail of Indomitability {Harm
                  | Rampage rCorr Int-5}
115458 | Vaults:4 | Bought a ring of flight for 210 gold pieces
115725 | Coc:1    | Entered Level 1 of Cocytus
117092 | Coc:7    | Entered Level 7 of Cocytus
117767 | Coc:7    | Noticed Antaeus
117783 | Coc:7    | Killed Antaeus
117896 | Coc:7    | Got an icy rune of Zot
118520 | Coc:7    | Identified the +1 battleaxe of Success {heavy, Str+6}
118689 | Coc:7    | Identified the +11 halberd of Yrphyen {drain, rF+ rC++
                  | rCorr Dex+2 Stlth+}
118976 | Tar:1    | Entered Level 1 of Tartarus
119101 | Tar:1    | You fall into a shaft and drop 1 floor!
119964 | Tar:5    | Noticed a dread lich
119965 | Tar:5    | Killed a dread lich
120520 | Tar:7    | Entered Level 7 of Tartarus
121098 | Tar:7    | Noticed a dread lich
121101 | Tar:7    | Killed a dread lich
121843 | Tar:7    | Learned a level 9 spell: Shatter
121870 | Tar:7    | Noticed Ereshkigal
121875 | Tar:7    | Killed Ereshkigal
121877 | Tar:7    | Reached skill level 15 in Armour
121877 | Tar:7    | Identified the +1 plate armour "Yreo" {Str+3 Int+6}
121900 | Tar:7    | Got a bone rune of Zot
121904 | Tar:7    | Identified the amulet of the Moon {Reflect +Inv Fly Str-3
                  | SH+5}
121911 | Tar:7    | Identified the staff of poison "Yclookac" {rPois rN+}
122036 | Tar:7    | Identified the +1 robe "Adask" {+Inv rPois rC- Int+5}
122974 | Dis:1    | Entered Level 1 of the Iron City of Dis
123515 | Dis:3    | Reached skill level 15 in Polearms
124276 | Dis:6    | Noticed an ancient lich
124280 | Dis:6    | Killed an ancient lich
124580 | Dis:7    | Entered Level 7 of the Iron City of Dis
124738 | Dis:7    | Noticed Dispater
124974 | Dis:7    | Identified the ring of Foxzevul {rF- rC- EV+5 Str+4 Dex+3}
125025 | Dis:7    | Identified the +5 scale mail of Mowegen {Harm rF- rCorr
                  | Int+4}
125321 | Dis:7    | Identified the staff of conjuration "Tiyzicw" {rElec rF-
                  | Int+3}
125382 | Dis:7    | Reached skill level 22 in Fire Magic
125492 | Dis:7    | Identified the +4 falchion of Pugralo {heavy, Int+3}
125512 | Dis:7    | Identified the +5 hand crossbow of the Old World
                  | {antimagic, rN+ Dex+6}
126380 | Dis:7    | Killed Dispater
126540 | Dis:7    | Identified the +7 scimitar "Birgh" {drain, *Rage rElec
                  | rPois rF+}
126542 | Dis:7    | Got an iron rune of Zot
126571 | Dis:7    | Identified the +1 falchion of the Mushroom {flame, Int+2
                  | Dex+2}
128863 | Zig:1    | Entered Level 1 of a ziggurat
128881 | Zig:2    | Entered Level 2 of a ziggurat
128902 | Zig:3    | Entered Level 3 of a ziggurat
128927 | Zig:4    | Entered Level 4 of a ziggurat
128971 | Zig:5    | Entered Level 5 of a ziggurat
128995 | Zig:6    | Entered Level 6 of a ziggurat
129027 | Zig:6    | Identified the ring "Xihu" {EV+5 Str+3 Dex+4}
129033 | Zig:6    | Identified the +9 war axe "Xompicyl" {holy, rElec rF++}
129056 | Zig:7    | Entered Level 7 of a ziggurat
129073 | Zig:7    | Noticed an ancient lich
129075 | Zig:7    | Reached skill level 10 in Air Magic
129075 | Zig:7    | Killed an ancient lich
129107 | Zig:7    | Identified the +0 helmet of Cucepuoci {Str+3 Int+3}
129124 | Zig:7    | Identified the +3 leather armour of Free Will {SInv}
129127 | Zig:8    | Entered Level 8 of a ziggurat
129131 | Zig:8    | Noticed a juggernaut
129136 | Zig:8    | Killed a juggernaut
129188 | Zig:9    | Entered Level 9 of a ziggurat
129200 | Zig:9    | Noticed a dread lich
129201 | Zig:9    | Killed a dread lich
129212 | Zig:9    | Identified the amulet "Panuatur" {RegenMP Regen+}
129227 | Zig:9    | Identified the ring "Lifeaneh" {Wiz rC++}
129233 | Zig:9    | Identified the staff of air "Diesinal" {rElec rC+ Will-
                  | Int+2}
129348 | Zig:10   | Entered Level 10 of a ziggurat
129357 | Zig:10   | Noticed an ancient lich
129358 | Zig:10   | Noticed a dread lich
129360 | Zig:10   | Killed an ancient lich
129360 | Zig:10   | Killed a dread lich
129387 | Zig:10   | Identified the amulet of Ruakli {Acrobat +Blink Will+}
129454 | Zig:11   | Entered Level 11 of a ziggurat
129501 | Zig:11   | Identified the +1 short sword "Foifap" {vamp, rPois rF-
                  | Str+3}
129503 | Zig:11   | Identified the +5 scale mail "Xak Utap" {Str+2}
129531 | Zig:12   | Entered Level 12 of a ziggurat
129541 | Zig:12   | Reached skill level 15 in Evocations
129560 | Zig:12   | Found the +2 shield of Resistance {rF++ rC++ Will++}
129576 | Zig:12   | Identified the +2 cloak "Ickuc" {Slay+3}
129601 | Zig:13   | Entered Level 13 of a ziggurat
129642 | Zig:13   | Identified the staff of poison "Teovych" {rPois rC+ Will+
                  | Str+3 Dex+3}
129647 | Zig:13   | Identified the staff of conjuration "Jeupipt" {MP+9}
129649 | Zig:13   | Identified the +0 short sword "Udugom" {heavy, *Slow rElec
                  | Int+5 Stlth+}
129656 | Zig:13   | Identified the ring of Mutualism {rF- rN+ Slay+3 SInv}
129668 | Zig:14   | Entered Level 14 of a ziggurat
129708 | Zig:14   | Identified the staff of air "Xusafionec" {+Blink rElec
                  | Str+4 SInv Stlth-}
129709 | Zig:14   | Identified the staff of fire "Qaugakh" {Fragile rF+ Dex+8
                  | SInv}
129713 | Zig:14   | Identified the +4 shortbow "Ofu Teuf" {antimagic, +Blink}
129728 | Zig:15   | Entered Level 15 of a ziggurat
129734 | Zig:15   | Noticed an orb of fire
129737 | Zig:15   | Noticed an orb of fire
129738 | Zig:15   | Noticed an orb of fire
129739 | Zig:15   | Killed an orb of fire
129743 | Zig:15   | Killed an orb of fire
129743 | Zig:15   | Killed an orb of fire
129744 | Zig:15   | Noticed an orb of fire
129745 | Zig:15   | Noticed an orb of fire
129747 | Zig:15   | Killed an orb of fire
129795 | Zig:15   | Killed an orb of fire
129873 | Zig:15   | Identified the staff of earth "Luczelaytz" {rC+ Dex+3}
129875 | Zig:15   | Identified the staff of fire "Loloutof" {Contam rF+ Int+2
                  | Dex+2}
131157 | Tomb:1   | Entered Level 1 of the Tomb of the Ancients
131631 | Tomb:1   | Noticed a royal mummy
131634 | Tomb:1   | Killed a royal mummy
131639 | Tomb:1   | Noticed a royal mummy
131641 | Tomb:1   | Noticed a royal mummy
131642 | Tomb:1   | Killed a royal mummy
131657 | Tomb:1   | Noticed a royal mummy
131664 | Tomb:1   | Killed a royal mummy
131665 | Tomb:1   | Reached skill level 15 in Stealth
131738 | Tomb:1   | Killed a royal mummy
131818 | Tomb:1   | Noticed a royal mummy
131822 | Tomb:1   | Killed a royal mummy
131827 | Tomb:1   | Noticed a royal mummy
131829 | Tomb:1   | Killed a royal mummy
131881 | Tomb:1   | Noticed a royal mummy
131882 | Tomb:1   | Noticed a royal mummy
131885 | Tomb:1   | Killed a royal mummy
131885 | Tomb:1   | Killed a royal mummy
131909 | Tomb:1   | Noticed a royal mummy
131913 | Tomb:1   | Killed a royal mummy
131928 | Tomb:1   | Noticed a royal mummy
131931 | Tomb:1   | Killed a royal mummy
131933 | Tomb:1   | Noticed a royal mummy
131936 | Tomb:1   | Killed a royal mummy
131996 | Tomb:1   | Noticed a royal mummy
131997 | Tomb:1   | Killed a royal mummy
131998 | Tomb:1   | Noticed a royal mummy
131999 | Tomb:1   | Killed a royal mummy
132210 | Tomb:2   | Noticed a royal mummy
132210 | Tomb:2   | Noticed a royal mummy
132210 | Tomb:2   | Noticed a royal mummy
132210 | Tomb:2   | Noticed a royal mummy
132216 | Tomb:2   | Killed a royal mummy
132223 | Tomb:2   | Killed a royal mummy
132224 | Tomb:2   | Killed a royal mummy
132225 | Tomb:2   | Killed a royal mummy
132830 | Tomb:3   | Entered Level 3 of the Tomb of the Ancients
132842 | Tomb:3   | Noticed a royal mummy
132843 | Tomb:3   | Noticed a royal mummy
132845 | Tomb:3   | Killed a royal mummy
132846 | Tomb:3   | Reached skill level 23 in Fire Magic
132846 | Tomb:3   | Killed a royal mummy
132851 | Tomb:3   | Noticed a royal mummy
132852 | Tomb:3   | Noticed a royal mummy
132853 | Tomb:3   | Killed a royal mummy
132856 | Tomb:3   | Killed a royal mummy
132864 | Tomb:3   | Noticed a royal mummy
132864 | Tomb:3   | Noticed a royal mummy
132864 | Tomb:3   | Noticed a royal mummy
132866 | Tomb:3   | Killed a royal mummy
132867 | Tomb:3   | Killed a royal mummy
132867 | Tomb:3   | Killed a royal mummy
132867 | Tomb:3   | Noticed a royal mummy
132868 | Tomb:3   | Reached skill level 24 in Fire Magic
132868 | Tomb:3   | Killed a royal mummy
133066 | Tomb:3   | Identified the +7 short sword of Qazlal's Envy {distort,
                  | Contam Fly rElec Str+5}
133084 | Tomb:3   | Identified the staff of conjuration "Eppugh" {rPois rC++
                  | MP-9 Int+4}
133096 | Tomb:3   | Identified the staff of earth "Loppist" {rPois Str-5 Int+4}
133121 | Tomb:3   | Identified the +2 leather armour "Myezudo" {-Tele rPois
                  | Dex+5 SInv}
133389 | Tomb:3   | Got a golden rune of Zot
133669 | Zig:1    | Entered Level 1 of a ziggurat
133690 | Zig:2    | Entered Level 2 of a ziggurat
133691 | Zig:2    | Noticed Qoguqor the pandemonium lord
133698 | Zig:2    | Killed Qoguqor the pandemonium lord
133766 | Zig:3    | Entered Level 3 of a ziggurat
133793 | Zig:4    | Entered Level 4 of a ziggurat
133819 | Zig:5    | Entered Level 5 of a ziggurat
133833 | Zig:5    | Found the crystal ball of Wucad Mu {*channel}
133846 | Zig:5    | Identified the staff of poison "Wyzuwnuu" {Contam rPois
                  | Int+4}
133853 | Zig:5    | Identified the +1 robe of the Loofah {Fly rElec rPois
                  | Regen+}
133858 | Zig:6    | Entered Level 6 of a ziggurat
133976 | Zig:6    | Reached skill level 25 in Fire Magic
133977 | Zig:6    | Identified the +1 cloak "Coibraov" {rF+ Str+4}
133979 | Zig:6    | Identified the staff of earth "Suohen" {rC+ Str+4 Dex-2}
133997 | Zig:7    | Entered Level 7 of a ziggurat
134022 | Zig:7    | Identified the staff of poison "Plog" {rPois rF+ Will+
                  | Int+4}
134044 | Zig:8    | Entered Level 8 of a ziggurat
134065 | Zig:8    | Identified the staff of fire "Ubippekh" {rF+ rC+ Will++
                  | MP+9 Dex-2}
134067 | Zig:8    | Identified the ring "Masa" {rElec rPois}
134074 | Zig:8    | Identified the staff of poison "Jiesh" {rElec rPois}
134083 | Zig:8    | Identified the staff of fire "Qoegeaha" {rElec rF+ Str+5
                  | Dex+4}
134085 | Zig:9    | Entered Level 9 of a ziggurat
134094 | Zig:9    | Reached skill level 26 in Fire Magic
134171 | Zig:9    | Identified the +1 mace of Overwhelming Force {drain, *Noise
                  | rF+ Str+2}
134183 | Zig:10   | Entered Level 10 of a ziggurat
134191 | Zig:10   | Noticed a dread lich
134191 | Zig:10   | Noticed a dread lich
134193 | Zig:10   | Killed a dread lich
134194 | Zig:10   | Killed a dread lich
134220 | Zig:10   | Identified the ring of Koadgha {Fly rCorr}
134227 | Zig:10   | Identified the ring of Hedonism {rF+ Will+ MP+9 Str+3
                  | Dex+6}
134233 | Zig:10   | Identified the staff of cold "Bigarph" {Fragile rC+ rN+
                  | Stlth+}
134234 | Zig:10   | Identified the staff of poison "Jumitimou" {Fragile rPois
                  | rF+ Dex+5}
134255 | Zig:11   | Entered Level 11 of a ziggurat
134291 | Zig:11   | Identified the staff of conjuration "Nimaul" {rPois rN++
                  | MP-9 Int+3}
134309 | Zig:12   | Entered Level 12 of a ziggurat
134323 | Zig:12   | Reached skill level 27 in Fire Magic
134336 | Zig:12   | Identified the +9 battleaxe "Biegevuipt" {drain, rElec rN++
                  | SInv Stlth-}
134337 | Zig:12   | Identified the +5 mace "Wif Peu" {venom, Contam Int+4}
134950 | Zot:5    | Got the Orb of Zot
135578 | D:4      | Noticed Cameckid the pandemonium lord
135584 | D:4      | Killed Cameckid the pandemonium lord
135600 | D:4      | Noticed Gaty the pandemonium lord
135623 | D:4      | Killed Gaty the pandemonium lord
135670 | D:3      | Noticed Nekkiqihetz the pandemonium lord
135674 | D:3      | Noticed Giavis the pandemonium lord
135676 | D:3      | Killed Nekkiqihetz the pandemonium lord
135685 | D:3      | Killed Giavis the pandemonium lord
135751 | D:1      | Noticed Ochill the pandemonium lord
135760 | D:1      | Killed Ochill the pandemonium lord
135776 | D:1      | Noticed Tefivo the pandemonium lord
135779 | D:1      | Killed Tefivo the pandemonium lord
135785 | D:$      | Escaped with the Orb!

Illustrated notes

Levels and vault maps discovered:
D:1:      dpeg_arrival_refuge, layout_loops_ring,
          hellmonk_ecumenical_altar_inner_sanctum, roderic_roman_lattice,
          minmay_tetromino_l4
D:2:      layout_loops_ring, glass_columns_b, grunt_ministairs_13, uniq_robin
D:3:      wad_woods_settlement, layout_loops_ring,
          nicolae_qazlal_style_of_elements, zin_academy
D:4:      layout_basic, mainiacjoe_overflow_catwalk,
          mainiacjoe_overflow_24_doors, serial_shops, shop_coins, shop
D:5:      layout_basic, nemelex_altar_shiori,
          nicolae_gozag_cash_rules_everything_around_me, serial_undead,
          serial_undead_a, serial_undead_c, serial_undead_a, serial_undead_d,
          biasface_ghost_orc_armoury, nicolae_ossuary_entry_monument
D:6:      layout_rooms, nicolae_ashenzari_panopticon,
          minmay_temple_entry_sparse_star
D:7:      gammafunk_steamed_eel, layout_loops_cross,
          mainiacjoe_overflow_brackets
D:8:      layout_basic, gammafunk_ghost_abyssal_escape,
          kennysheep_generic_room_7
D:9:      layout_rooms, dk_yredelemnul_ordeal, general_overflow_altar,
          jmf_multi_god_temple, uniq_pikel
D:10:     layout_roguey, mainiacjoe_overflow_big_doors, cheibrodos_worm_habitat,
          lemuel_doored_altar, nicolae_trove_entry_free_sample, special_room
          [special_room_bee]
D:11:     layout_gridville, dpeg_lair_monsters, orc_0_dummy,
          gauntlet_entry_generic, nrook_mini_vaults, wad_hexagon
D:12:     layout_gridville, serial_shops, shop, uniq_azrael
D:13:     layout_roguey, ximxim_vaults_locker_room, ebering_ghost_disaster_area,
          special_room [special_room_orc], grunt_dithmenos_smoke_and_mirrors
D:14:     cheibrodos_statue_roulette, layout_long_grid, serial_shops,
          nicolae_lakefront_shop, yredelemnul_forgotten_temple_becter
D:15:     grunt_enter_depths_giant_problem, layout_layer_cave,
          okawaru_ov_weapons_minmay
Temple:   nicolae_temple_ecumenical_triangle
Lair:1:   layout_regular_city, gammafunk_ghost_icy, grunt_megastairs_2,
          uniq_amaemon
Lair:2:   layout_regular_city, spider_nest_entry_a, grunt_megastairs_3,
          uniq_erica
Lair:3:   beargit_carnivore_pack, layout_misc_corridors,
          nicolae_swamp_entry_spooky, minmay_holes,
          grunt_forest_small_clearings, hangedman_lair_unloving_vines
Lair:4:   layout_roguey, minmay_slime_entry_pillars, tgw_fedhas,
          lemuel_fruit_tree, uniq_rupert
Lair:5:   gammafunk_lair_ancient_temple, layout_cellular_growth,
          serial_bayou_shore_b, serial_bayou_shore_b, infiniplex_staircase_pool
Swamp:1:  layout_falls_marsh, nicolae_swamp_treefoil
Swamp:2:  nicolae_swamp_husk_halls, layout_basic_swamp,
          evilmike_swamp_ruin_rubble_2
Swamp:3:  layout_falls_marsh, nicolae_swamp_tree_isthmus
Swamp:4:  swamp_basic_johnstein, layout_basic_swamp, swamp_pool2, uniq_mara
Spider:1: layout_chambers, nicolae_spider_eight_legs
Spider:2: layout_spider_delve, uniq_arachne
Spider:3: layout_cave_pods
Spider:4: hellmonk_spider_rune_bug_friends
Slime:1:  layout_caves
Slime:2:  layout_caves, nicolae_slime_welcoming_committee
Slime:3:  layout_caves
Slime:4:  layout_caves
Slime:5
Orc:1:    layout_diamond_mine
Orc:2:    grunt_orc_gardens, layout_diamond_mine, grunt_orc_garden,
          grunt_orc_garden, grunt_orc_garden, grunt_orc_garden, mines2_david
Elf:1:    layout_geoelf_diagonals, portal_desolation_entry_holy_temple,
          kennysheep_underground_church, grunt_ministairs_3, lemuel_flame_loot_1
Elf:2:    elven_hall_of_blades_hangedman_original [mumra_blade_entry_dagger],
          layout_geoelf_grid
Elf:3:    minmay_elf_hall_statues, layout_gridlike, ebering_ghost_gozag,
          hangedman_elven_crosses_minicolossus
Vaults:1: ontoclasm_vaults_ring_square, vaults_mumra_hexcomb,
          nicolae_vaults_angled_halls, nicolae_vaults_triangles,
          nicolae_vaults_quartermaster, ontoclasm_vaults_ring_square,
          grunt_vaults_focal, layout_vaults_omnigrid, uniq_saint_roka
Vaults:2: nicolae_vaults_octagons, minmay_crypt_entry_necro_gods,
          v_alt_pattern_3, ontoclasm_vaults_ligature,
          nicolae_vaults_little_squares_5, v_misc_10, v_misc_13,
          layout_vaults_chaotic_city, uniq_bai_suzhen
Vaults:3: nicolae_vaults_rhombus_7, nicolae_vaults_theta,
          nicolae_vaults_mini_display_case, hangedman_vaults_corner_blocks,
          hangedman_vaults_snaps, v_misc_5, v_rooms_2, v_misc_22,
          ontoclasm_vaults_spin, nicolae_vaults_theta, layout_vaults_ring,
          serial_shops, nicolae_shop_hallway_plus
Vaults:4: v_misc_23, vaults_room_boxed, vaults_dpeg_encased_lava,
          hangedman_vaults_maws, grunt_vaults_twisty,
          nicolae_vaults_ninety_degrees, grunt_vaults_hallway_short,
          nicolae_vaults_little_squares_3, vaults_room_mumra_shop_pool,
          nicolae_vaults_border_crossing, v_misc_27, st_lattice,
          layout_vaults_omnicross
Vaults:5
Crypt:1:  layout_gridlike, uniq_sojobo, uniq_grunn
Crypt:2:  layout_chaotic_city, st_stairs_1, door_vault
Crypt:3:  due_elkab, layout_chaotic_city, st_stairs_3
Tomb:1
Tomb:2
Tomb:3
Depths:1: layout_gridlike, enter_ziggurat_b, lightli_too_deep,
          rand_demon_pan_entry_4, minmay_misc_feat_square,
          trog_three_pillars_becter, nicolae_triple_integral, uniq_aizul
Depths:2: minmay_thinvault, layout_cave_shapes, grunt_pan_entry_spiral,
          mu_enter_wizlab_3, nicolae_wu_jian_wuxing_cycle, hell_entry,
          kennysheep_random_hallway, infiniplex_staircase_pillars_1
Depths:3: giant_chief_lemuel, layout_long_grid, pf_coc_iceberg, pan_entry,
          moated_statue, marbit_kobold_abyss_entry, serial_glass,
          glass_columns_a, glass_columns_a, item_on_display_a, uniq_xtahua
Depths:4: grunt_zot_entry_tricorne, layout_gridlike,
          nicolae_ru_the_path_less_chosen, hell_entry, minmay_shoptagon
Hell
Dis:1:    layout_regular_city
Dis:2:    layout_jigsaw, nicolae_dis_distal_crystal
Dis:3:    layout_subdivisions
Dis:4:    layout_subdivisions, nicolae_dis_fourth_circle
Dis:5:    layout_subdivisions
Dis:6:    layout_regular_city, nicolae_dis_scattering
Dis:7:    iron_city_of_dis [dis_old, dis_wall_8], layout_gridville,
          nicolae_hells_fiendish_ambush
Geh:1:    layout_gehenna_lava_caves
Geh:2:    nicolae_geh_lava_swirls, layout_gehenna_lava_caves
Geh:3:    layout_gehenna_lava_caves
Geh:4:    layout_gehenna_pools_box
Geh:5:    layout_gehenna_pools_box
Geh:6:    layout_gehenna_pools_basic
Geh:7:    geh_mu
Coc:1:    layout_cocytus_water_paths
Coc:2:    layout_ice_bergs
Coc:3:    layout_cocytus_delve
Coc:4:    layout_ice_bergs
Coc:5:    nicolae_coc_through_the_icewall, layout_cocytus_delve
Coc:6:    layout_cocytus_water_paths
Coc:7:    coc_mu
Tar:1:    layout_grid_maze
Tar:2:    layout_catacombs
Tar:3:    layout_honeycomb
Tar:4:    layout_grid_maze
Tar:5:    layout_grid_maze, nicolae_tar_grid_combs
Tar:6:    layout_grid_maze
Tar:7:    tar_minmay_river
Zot:1:    layout_basic
Zot:2:    layout_twisted_circle
Zot:3:    minmay_elemental_castle, layout_gridlike, uniq_tiamat
Zot:4:    layout_misc_corridors, basic_altar, gammafunk_ghost_ooze
Zot:5:    layout_misc_corridors

Skill      XL: |  1  2  3  4  5  6  7  8  9 10 11 12 13 14 15 16 17 18 19 20 21 22 23 24 25 26 27 |
---------------+----------------------------------------------------------------------------------+-----
Stealth        | 4 5 6 8 22 | 22.0
Spellcasting   | 3 4 6 8 9 10 12 14 15 16 18 19 26 | 26.9
Conjurations   | 2 3 4 6 8 10 14 18 20 21 24 | 24.6
Fire Magic     | 4 7 8 10 12 14 18 20 21 27 | 27.0
Air Magic      | 2 4 6 8 12 | 12.4
Poison Magic   | 3 4 |  4.8
Transmutations | 2 6 19 | 19.2
Fighting       | 1 3 5 6 8 9 10 11 12 13 14 16 18 20 26 | 26.9
Earth Magic    | 4 8 10 22 | 22.0
Evocations     | 6 8 10 11 12 15 | 15.0
Staves         | 6 |  6.0
Dodging        | 5 10 20 | 20.0
Polearms       | 4 6 11 15 | 15.5
Armour         | 4 5 8 10 15 | 15.0
Shields        | 5 |  5.0
Translocations | 6 8 |  8.0
Summonings     | 14 | 14.0
Necromancy     | 16 | 16.0

Action                     |  1- 3 |  4- 6 |  7- 9 | 10-12 | 13-15 | 16-18 | 19-21 | 22-24 | 25-27 || total
---------------------------+-------+-------+-------+-------+-------+-------+-------+-------+-------++-------
  Melee: Unarmed           |     8 |       |       |       |       |       |       |       |       ||     8
         Dagger            |    16 |    11 |       |       |       |       |       |       |       ||    27
         Short sword       |       |    26 |    47 |       |       |       |       |       |       ||    73
         Staff             |       |       |       |    26 |   143 |    13 |       |       |       ||   182
         Constrict         |       |       |       |       |    39 |   111 |    86 |    53 |   357 ||   646
         Lance             |       |       |       |       |     7 |   495 |   504 |   536 |  2682 ||  4224
         Punch             |       |       |       |       |     1 |       |       |       |       ||     1
         Halberd           |       |       |       |       |       |       |       |       |   139 ||   139
   Fire: Sling             |     1 |       |       |       |       |       |       |       |       ||     1
  Throw: Dart              |       |       |    15 |     6 |    17 |     7 |     1 |       |       ||    46
         Throwing net      |       |       |       |     3 |     2 |     3 |       |       |       ||     8
   Cast: Foxfire           |    15 |     3 |   114 |     3 |       |       |       |       |       ||   135
         Scorch            |    15 |    57 |   139 |     4 |       |       |       |       |       ||   215
         Shock             |     3 |     4 |     9 |    20 |       |     3 |       |       |       ||    39
         Flame Wave        |       |       |     5 |     2 |       |       |       |       |       ||     7
         Stone Arrow       |       |       |    10 |   255 |   615 |   746 |    76 |     1 |     1 ||  1704
         Ignite Poison     |       |       |     7 |     5 |     1 |       |       |       |       ||    13
         Arcjolt           |       |       |       |     8 |    49 |   122 |    97 |   120 |    17 ||   413
         Lee's Rapid Decon |       |       |       |       |    28 |     3 |     3 |    49 |   117 ||   200
         Orb of Destructio |       |       |       |       |       |     3 |       |    47 |    17 ||    67
         Starburst         |       |       |       |       |       |     5 |    17 |    69 |    13 ||   104
         Iron Shot         |       |       |       |       |       |       |   401 |   364 |  1336 ||  2101
         Passage of Golubr |       |       |       |       |       |       |       |     5 |    12 ||    17
         Ignition          |       |       |       |       |       |       |       |     2 |    95 ||    97
         Fire Storm        |       |       |       |       |       |       |       |       |   589 ||   589
         Lehudib's Crystal |       |       |       |       |       |       |       |       |   371 ||   371
         Spellforged Servi |       |       |       |       |       |       |       |       |   273 ||   273
         Necromutation     |       |       |       |       |       |       |       |       |   100 ||   100
         Shatter           |       |       |       |       |       |       |       |       |    22 ||    22
         Blink             |       |       |       |       |       |       |       |       |     6 ||     6
Ability: Spit Poison       |    28 |    53 |    29 |    29 |    27 |    30 |     3 |       |     1 ||   200
         Breathe Poison Ga |       |       |       |       |       |       |       |       |     1 ||     1
  Evoke: Wand              |       |       |     2 |     6 |     7 |    14 |    18 |     3 |    14 ||    64
         Condenser vane    |       |       |     1 |     1 |     1 |     1 |     1 |     1 |     4 ||    10
         Box of beasts     |       |       |       |       |     1 |     1 |       |     1 |       ||     3
         Phantom mirror    |       |       |       |       |       |     2 |       |       |     7 ||     9
         Tin of tremorston |       |       |       |       |       |       |     1 |       |     4 ||     5
         Lightning rod     |       |       |       |       |       |       |     2 |       |     4 ||     6
         Figurine of a zig |       |       |       |       |       |       |       |       |     1 ||     1
    Use: Potion            |     1 |       |     1 |    12 |     4 |     3 |     6 |     8 |    90 ||   125
         Scroll            |       |     4 |     2 |    13 |     5 |     6 |    11 |     9 |    49 ||    99
   Stab: Held in net/web   |       |       |       |     1 |       |       |       |       |       ||     1
         Sleeping          |       |       |       |       |       |     2 |     1 |    11 |     2 ||    16
         Invisible         |       |       |       |       |       |       |       |       |     1 ||     1
         Distracted        |       |       |       |       |       |       |       |       |    33 ||    33
 Armour: Robe              |    10 |    22 |    47 |    34 |   145 |   624 |   184 |       |       ||  1066
         Skin              |       |       |       |     5 |       |       |       |       |       ||     5
         Troll leather arm |       |       |       |       |       |       |   103 |   316 |  1850 ||  2269
  Dodge: Dodged            |    25 |    26 |    65 |    50 |   161 |   330 |   150 |   174 |   837 ||  1818
  Block: Buckler           |       |       |       |       |       |   339 |   227 |   159 |   537 ||  1262
         Reflection        |       |       |       |       |       |     1 |    28 |       |       ||    29
         Kite shield       |       |       |       |       |       |       |       |       |   128 ||   128

Table legend: (Time is in decaauts)
 A = Elapsed time spent in this place.
 B = Non-inter-level travel time spent in this place.
 C = Inter-level travel time spent in this place.
 D = Time resting spent in this place.
 E = Time spent auto-exploring this place.
 F = Levels seen in this place.
 G = Mean time per level.
                   A        B        C        D        E       F      G
               +--------+--------+--------+--------+--------+-----+--------+
         Total | 164842 | 133313 |  31529 |  35285 |  46797 | 144 | 1144.7 |
       Dungeon |  29291 |  21210 |   8081 |   5606 |   9632 |  15 | 1952.7 |
        Temple |     63 |     63 |      0 |      0 |     30 |   1 |   63.0 |
          Lair |  13482 |  10303 |   3179 |   4830 |   1311 |   5 | 2696.4 |
         Swamp |   7270 |   6071 |   1199 |   2833 |   1320 |   4 | 1817.5 |
   Spider Nest |   8909 |   7956 |    953 |   3120 |   1865 |   4 | 2227.2 |
    Slime Pits |   4228 |   3655 |    573 |    619 |   1843 |   5 |  845.6 |
  Orcish Mines |   3669 |   2847 |    822 |   1010 |   1077 |   2 | 1834.5 |
   Elven Halls |   6651 |   5523 |   1128 |   1038 |   2563 |   3 | 2217.0 |
        Vaults |  12272 |   9293 |   2979 |   1048 |   6394 |   5 | 2454.4 |
         Crypt |   6818 |   4769 |   2049 |    811 |   2969 |   3 | 2272.7 |
          Tomb |   3338 |   2380 |    958 |    402 |    648 |   3 | 1112.7 |
        Depths |  15964 |  11972 |   3992 |   5193 |   3531 |   4 | 3991.0 |
          Hell |   1167 |    813 |    354 |    153 |    432 |   1 | 1167.0 |
           Dis |   5546 |   4694 |    852 |   1520 |    890 |   7 |  792.3 |
       Gehenna |   3879 |   3098 |    781 |    595 |    877 |   7 |  554.1 |
       Cocytus |   4030 |   3834 |    196 |    543 |   1977 |   7 |  575.7 |
      Tartarus |   4921 |   3887 |   1034 |    461 |   1311 |   7 |  703.0 |
           Zot |   7743 |   5352 |   2391 |    834 |   2957 |   5 | 1548.6 |
         Abyss |    422 |    422 |      0 |     61 |      4 |   2 |  211.0 |
   Pandemonium |  17172 |  17172 |      0 |   1379 |   4614 |  22 |  780.5 |
      Ziggurat |   2040 |   2040 |      0 |    425 |    185 |  27 |   75.6 |
         Trove |     98 |     98 |      0 |      0 |      0 |   1 |   98.0 |
       Ossuary |   1284 |   1284 |      0 |    716 |     49 |   1 | 1284.0 |
        Wizlab |   1964 |   1964 |      0 |   1052 |    114 |   1 | 1964.0 |
    Desolation |   1469 |   1469 |      0 |    456 |      0 |   1 | 1469.0 |
      Gauntlet |   1143 |   1143 |      0 |    574 |    196 |   1 | 1143.0 |
               +--------+--------+--------+--------+--------+-----+--------+

Top non-repeatable levels by time:
Depths:1: 4409 daAuts
Depths:3: 4218 daAuts
  Lair:5: 4119 daAuts
Depths:2: 4030 daAuts
   Dis:7: 3623 daAuts
Spider:1: 3520 daAuts
Depths:4: 3306 daAuts
Vaults:2: 3145 daAuts
    D:14: 3059 daAuts
 Crypt:3: 3033 daAuts
   Tar:7: 3030 daAuts
   Elf:3: 3006 daAuts
   Geh:7: 2899 daAuts
 Swamp:4: 2803 daAuts
Vaults:1: 2750 daAuts
